 Dungeon Crawl Stone Soup version 0.31-a0-83-gbff143cfd1 (webtiles) character file.

Game seed: 16179573730259683297

16574087 TittyCrusher the Naga Porcupine (level 27, 298/298 HPs)
             Began as a Naga Monk on May 24, 2023.
             Was the Champion of Cheibriados.
             Escaped with the Orb
             ... and 15 runes!
             The game lasted 06:46:11 (93962 turns).

TittyCrusher the Naga Porcupine (Naga Monk)        Turns: 93962, Time: 06:46:12

Health: 298/298    AC: 44    Str: 32 (34) XL:     27
Magic:  47/47      EV: 51    Int: 26 (33) God:    Cheibriados [******]
Gold:   7426       SH:  4    Dex: 44      Spells: 26/57 levels left

rFire   + + +        a - +9 bardiche (flame)
rCold   + . .        (shield currently unavailable)
rNeg    . . .        D - quicksilver dragon scales
rPois   +            (helmet restricted)
rElec   .            w - +4 dragonskin cloak
rCorr   .            Y - +2 pair of gloves {Str+3}
SInv    +            A - +0 barding of the Valley of Death {*Slow +Inv rF+++ rC+ Slay+3}
Will    +++++        R - amulet of Rugrol {RegenMP *Corrode Regen+ MP+9 Int+6}
Stlth   +++          I - ring of Music {EV+5 Str+3 Int-4 Dex+6}
HPRegen 1.49/turn    X - ring of Suumn {EV+5 Slay+2 SInv}
MPRegen 0.70/turn

%: corrode self (3%), slow self (1%)
@: studying 3 skills, very slow
A: AC +9, large, see invisible, deformed body, poison resistance, slowness 2,
spit poison 1, naga tail 2, antennae 1, iridescent scales 1, large bone plates
1, low MP 1, strong-willed 1, shaggy fur 1
0: Orb of Zot
}: 15/15 runes: decaying, serpentine, slimy, silver, golden, iron, obsidian,
icy, bone, abyssal, demonic, glowing, magical, fiery, dark
a: Spit Poison, Renounce Religion, Evoke Invisibility, Bend Time, Temporal
Distortion, Slouch, Step From Time


You escaped.
You worshipped Cheibriados.
Cheibriados was exalted by your worship.
You visited 17 branches of the dungeon, and saw 87 of its levels.
You visited Pandemonium 1 time, and saw 13 of its levels.
You visited the Abyss 2 times.
You visited 1 ziggurat, and saw 17 of its levels.
You also visited: Trove, Sewer, Gauntlet and Volcano.

You collected 12250 gold pieces.
You spent 4824 gold pieces at shops.

Inventory:

Hand Weapons
 a - a +9 bardiche of flaming (weapon)
 B - a +2 vampiric glaive
Missiles
 W - a throwing net
Armour
 f - the +4 plate armour of Patsuidi {rElec rC++}
   (You bought it in a shop on level 4 of the Snake Pit)

   rC:        It greatly protects you from cold.
   rElec:     It insulates you from electricity.
 k - the +2 chain mail of Magic {Slay+5}
   (You bought it in a shop on level 4 of the Snake Pit)

   Slay:      It affects your accuracy & damage with ranged weapons and melee
   (+5).
 w - the +4 dragonskin cloak (worn)
   (You took it off Tiamat on level 4 of the Realm of Zot)

   Avatar's Aegis: It grants the wearer a chance to resist fire, cold, poison,
   electricity, acid, and negative energy.
 A - the +0 barding of the Valley of Death (worn) {*Slow +Inv rF+++ rC+ Slay+3}
   (You acquired it on level 3 of the Crypt)

   Slay:      It affects your accuracy & damage with ranged weapons and melee
   (+3).
   rF:        It renders you almost immune to fire.
   rC:        It protects you from cold.
   +Inv:      It lets you turn invisible.
   *Slow:     It may slow you when you take damage.
 D - quicksilver dragon scales (worn)
 S - the -1 helmet "Jonuh" {Str+4 Int+2}
   (You found it on level 11 of the Dungeon)

   Str:       It affects your strength (+4).
   Int:       It affects your intelligence (+2).
 Y - a +2 pair of gloves of strength (worn)
Magical Staves
 b - the staff of death "Sucyetru" {rN+ Str+4 Int+5}
   (You found it in Pandemonium)

   [staff of death]

   Base accuracy: +5 Base damage: 5 Base attack delay: 1.2 This weapon's minimum
   attack delay (0.6) is reached at skill level 12.
   Str:       It affects your strength (+4).
   Int:       It affects your intelligence (+5).
   rN:        It protects you from negative energy.
   It falls into the 'Staves' category.
   It is a one-handed weapon.
Jewellery
 o - the ring "Xuesobbe" {MP+9 Str+5}
   (You found it in Pandemonium)

   [ring of magical power]

   Str:       It affects your strength (+5).
   MP:        It affects your magic capacity (+9).
 s - a ring of willpower
 t - the ring of Kuck {rCorr Dex+3}
   (You found it in a treasure trove)

   [ring of resist corrosion]

   Dex:       It affects your dexterity (+3).
   rCorr:     It protects you from acid and corrosion.
 F - the ring of Shadows {Umbra +Inv Stlth+}
   (You took it off a vampire mage on level 2 of the Depths)

   [ring of stealth]

   Umbra:     It surrounds you with an aura of shadow, increasing your stealth
   and reducing the accuracy of all others within it.
   +Inv:      It lets you turn invisible.
   Stlth:     It makes you more stealthy.
 G - a ring of wizardry
 I - the ring of Music (left hand) {EV+5 Str+3 Int-4 Dex+6}
   (You took it off a vault guard on level 5 of the Vaults)

   [ring of evasion]

   EV:        It affects your evasion (+5).
   Str:       It affects your strength (+3).
   Int:       It affects your intelligence (-4).
   Dex:       It affects your dexterity (+6).
 K - the ring "Nufuicau" {Fly rN+ rCorr Dex+5}
   (You found it in a treasure trove)

   [ring of positive energy]

   Dex:       It affects your dexterity (+5).
   rN:        It protects you from negative energy.
   Fly:       It grants you flight.
   rCorr:     It protects you from acid and corrosion.
 R - the amulet of Rugrol (around neck) {RegenMP *Corrode Regen+ MP+9 Int+6}
   (You acquired it on level 2 of the Lair of Beasts)

   [amulet of magic regeneration]

   It increases your rate of magic regeneration.
   Int:       It affects your intelligence (+6).
   MP:        It affects your magic capacity (+9).
   Regen:     It increases your rate of health regeneration.
   *Corrode:  It may corrode you when you take damage.
 X - the ring of Suumn (right hand) {EV+5 Slay+2 SInv}
   (You found it in Pandemonium)

   [ring of evasion]

   EV:        It affects your evasion (+5).
   Slay:      It affects your accuracy & damage with ranged weapons and melee
   (+2).
   SInv:      It lets you see invisible.
Wands
 i - a wand of flame (235)
 y - a wand of digging (42)
 z - a wand of acid (3)
 M - a wand of polymorph (10)
 O - a wand of paralysis (101)
Scrolls
 d - 50 scrolls of identify
 e - 5 scrolls of fear
 n - 22 scrolls of teleportation
 r - 6 scrolls of vulnerability
 v - 10 scrolls of fog
 x - 12 scrolls of poison
 P - 6 scrolls of summoning
 V - 2 scrolls of enchant weapon
Potions
 c - 8 potions of ambrosia
 l - 14 potions of attraction
 m - 24 potions of curing
 p - 6 potions of invisibility
 q - 2 potions of mutation
 u - 12 potions of brilliance
 E - 4 potions of cancellation
 J - 4 potions of magic
 N - 5 potions of resistance
 Q - 7 potions of enlightenment
 T - 2 potions of heal wounds
 U - 10 potions of lignification
 Z - a potion of might
Miscellaneous
 g - a figurine of a ziggurat
 h - a lightning rod (4/4)
 C - a condenser vane
 L - a phial of floods


   Skills:
 O Level 27 Fighting
 - Level 10.7 Long Blades
 O Level 27 Polearms
 - Level 23.0 Armour
 + Level 22.9 Dodging
 - Level 13.6 Stealth
 - Level 5.5 Shields
 - Level 15.5 Spellcasting
 - Level 2.8 Conjurations
 - Level 23.1 Necromancy
 - Level 6.4 Translocations
 - Level 23.2 Transmutations
 - Level 6.4 Ice Magic
 - Level 7.1 Air Magic
 - Level 16.0 Invocations
 - Level 15.6 Evocations


You had 26 spell levels left.
You knew the following spells:

 Your Spells              Type           Power      Damage    Failure   Level
a - Frozen Ramparts       Ice            100%       1d16      1%          3
c - Lesser Beckoning      Tloc           100%       N/A       1%          2
d - Blink                 Tloc           100%       N/A       1%          2
e - Vhi's Electric Charg  Tloc/Air       90%        N/A       1%          3
f - Freezing Cloud        Conj/Ice/Air   17%        6-21      26%         5
g - Necromutation         Tmut/Necr      46%        N/A       3%          8
h - Wereblood             Tmut           96%        N/A       0%          2
i - Sublimation of Blood  Necr           96%        N/A       0%          2
j - Passage of Golubria   Tloc           52%        N/A       2%          4

Your spell library contained the following spells:

 Spells                   Type           Power      Damage    Failure   Level
 Beastly Appendage        Tmut           100%       N/A       0%          1
 Necrotise                Necr           100%       1d9       0%          1
 Vampiric Draining        Necr           96%        2d12      0%          3
 Animate Dead             Necr           96%        N/A       0%          4
 Dispel Undead            Necr           96%        3d30      0%          4
 Agony                    Necr           96%        N/A       0%          5
 Blade Hands              Tmut           48%        N/A       0%          5
 Freeze                   Ice            100%       1d10      1%          1
 Kiss of Death            Conj/Necr      100%       2d13      1%          1
 Shock                    Conj/Air       100%       1d9       1%          1
 Cigotuvi's Dreadful Rot  Necr/Pois/Air  100%       N/A       1%          2
 Momentum Strike          Conj/Tloc      68%        3d9       1%          2
 Passwall                 Tmut/Erth      52%        N/A       1%          2
 Static Discharge         Conj/Air       72%        2-5/arc   1%          2
 Gell's Gravitas          Tloc           52%        N/A       1%          3
 Ignite Poison            Fire/Tmut/Pois 46%        N/A       1%          3
 Ozocubu's Armour         Ice            52%        N/A       1%          3
 Spider Form              Tmut/Pois      63%        N/A       1%          3
 Swiftness                Air            55%        N/A       1%          3
 Teleport Other           Tloc           52%        N/A       1%          3
 Airstrike                Air            27%        2d(4-20)  1%          4
 Anguish                  Hex/Necr       31%        N/A       1%          4
 Ice Form                 Ice/Tmut       72%        N/A       1%          4
 Petrify                  Tmut/Erth      63%        N/A       1%          4
 Alistair's Intoxication  Tmut/Pois      42%        N/A       1%          5
 Borgnjor's Vile Clutch   Necr/Erth      31%        N/A       1%          5
 Irradiate                Conj/Tmut      33%        3d22      1%          5
 Yara's Violent Unravell  Hex/Tmut       31%        3d13      1%          5
 Death Channel            Necr           48%        N/A       1%          6
 Dragon Form              Tmut           48%        N/A       1%          7
 Borgnjor's Revivificati  Necr           48%        N/A       1%          8
 Infestation              Necr           48%        N/A       1%          8
 Ensorcelled Hibernation  Hex/Ice        52%        N/A       2%          2
 Poisonous Vapours        Pois/Air       56%        N/A       2%          2
 Manifold Assault         Tloc           52%        N/A       2%          4
 Simulacrum               Ice/Necr       36%        N/A       2%          6
 Foxfire                  Conj/Fire      68%        2x1d7     3%          1
 Slow                     Hex            80%        N/A       3%          1
 Summon Small Mammal      Summ           80%        N/A       3%          1
 Hailstorm                Conj/Ice       34%        3d9       3%          3
 Call Imp                 Summ           40%        N/A       4%          2
 Scorch                   Fire           40%        2d7       4%          2
 Portal Projectile        Hex/Tloc       52%        N/A       5%          3
 Volatile Blastmotes      Fire/Tloc      52%        2d14      5%          3
 Mephitic Cloud           Conj/Pois/Air  23%        N/A       7%          3
 Eringya's Noxious Bog    Tmut/Pois      31%        N/A       9%          6
 Statue Form              Tmut/Erth      42%        N/A       9%          6
 Call Canine Familiar     Summ           20%        N/A       10%         3
 Confusing Touch          Hex            20%        N/A       10%         3
 Tukima's Dance           Hex            20%        N/A       10%         3
 Iskenderun's Mystic Bla  Conj/Tloc      34%        2d8       10%         4
 Dazzling Flash           Conj/Hex       34%        N/A       12%         3
 Storm Form               Tmut/Air       36%        N/A       12%         7
 Summon Lightning Spire   Summ/Air       28%        N/A       16%         4
 Summon Ice Beast         Ice/Summ       26%        N/A       19%         4
 Summon Guardian Golem    Hex/Summ       10%        N/A       21%         3
 Arcjolt                  Conj/Air       18%        1d28      24%         5
 Death's Door             Necr           48%        N/A       24%         9
 Cause Fear               Hex            10%        N/A       30%         4
 Olgreb's Toxic Radiance  Pois           20%        N/A       30%         4
 Dispersal                Tloc           26%        N/A       32%         6
 Flame Wave               Conj/Fire      17%        2d7       36%         4
 Fulminant Prism          Conj/Hex       8%         3d7       36%         4
 Sticky Flame             Conj/Fire      17%        2d4       36%         4
 Silence                  Hex/Air        14%        N/A       41%         5
 Metabolic Englaciation   Hex/Ice        13%        N/A       45%         5
 Summon Forest            Summ/Tloc      13%        N/A       45%         5
 Haunt                    Necr/Summ      31%        N/A       45%         7
 Animate Armour           Summ/Erth      20%        N/A       56%         4
 Leda's Liquefaction      Hex/Erth       5%         N/A       56%         4
 Lee's Rapid Deconstruct  Erth           10%        3d8*      65%         5
 Fireball                 Conj/Fire      8%         3d6       71%         5
 Conjure Ball Lightning   Conj/Air       18%        3x3d6     80%         6
 Summon Mana Viper        Hex/Summ       10%        N/A       88%         5
 Ozocubu's Refrigeration  Ice            26%        4d13      88%         7
 Plasma Beam              Fire/Air       14%        2x1d27    94%         6
 Iron Shot                Conj/Erth      8%         9d3       99%         6
 Starburst                Conj/Fire      8%         6d4       99%         6
 Summon Cactus Giant      Summ           10%        N/A       99%         6
 Enfeeble                 Hex            10%        N/A       100%        7
 Malign Gateway           Summ/Tloc      13%        N/A       100%        7
 Monstrous Menagerie      Summ           10%        N/A       100%        7
 Orb of Destruction       Conj           17%        9d7       100%        7
 Spellforged Servitor     Conj/Summ      8%         N/A       100%        7
 Summon Hydra             Summ           10%        N/A       100%        7
 Discord                  Hex            10%        N/A       100%        8
 Disjunction              Tloc           26%        N/A       100%        8
 Ignition                 Fire           10%        3d5       100%        8
 Lehudib's Crystal Spear  Conj/Erth      8%         10d4      100%        8
 Maxwell's Capacitive Co  Air            27%        ∞         100%        8
 Summon Horrible Things   Summ           10%        N/A       100%        8
 Chain Lightning          Conj/Air       18%        3d24      100%        9
 Dragon's Call            Summ           10%        N/A       100%        9
 Fire Storm               Conj/Fire      8%         8d2       100%        9
 Polar Vortex             Ice            26%        N/A       100%        9
 Shatter                  Erth           10%        3d11*     100%        9


Dungeon Overview and Level Annotations

Branches:
Dungeon (15/15)            Temple (0/1) D:6            Lair (5/5) D:10
  Swamp (4/4) Lair:3        Snake (4/4) Lair:2        Slime (5/5) Lair:4
    Orc (2/2) D:9             Elf (3/3) Orc:2        Vaults (5/5) D:13
  Crypt (3/3) Vaults:3       Tomb (3/3) Crypt:3      Depths (4/4) D:15
   Hell (visited)             Dis (7/7) Hell            Geh (7/7) Hell
    Coc (7/7) Hell            Tar (7/7) Hell            Zot (5/5) Depths:4
  Sewer (visited)         Volcano (visited)         Gauntlet (visited)

Altars:
Cheibriados
Dithmenos
Elyvilon
Fedhas
Gozag
Hepliaklqana
Kikubaaqudgha
Makhleb
Nemelex Xobeh
Okawaru
Qazlal
Sif Muna
Trog
Wu Jian
Xom
Yredelemnul
Zin
The Shining One
Jiyva

Shops:
Orc:2 !=(=   Elf:2 ?   Elf:3 [(?(   Snake:2 [   Snake:4 *[(*:   Vaults:2 :
Vaults:4 =[[

Portals:
Hell: Depths:1 Depths:2 Depths:3 Depths:4
Abyss: Depths:3
Pandemonium: Depths:1 Depths:2

Annotations:
D:6 1 runed translucent door, Crazy Yiuf
Dis:7 Dispater


Innate Abilities, Weirdness & Mutations

Your serpentine skin is tough. (AC +9)
You have supernaturally acute eyesight. (SInv)
Armour fits poorly on your strangely shaped body.
Your system is resistant to poisons. (rPois)
You cover ground very slowly.
You can spit poison.
You can use your snake-like lower body to constrict enemies.
You have a pair of small antennae on your head.
You are partially covered in iridescent scales. (AC +2)
You are partially covered in large bone plates. (SH +4)
Your magical capacity is low. (-10% MP)
You are strong-willed. (Will+)
You are covered in fur. (AC +1)


Message History

The seraph is almost dead.
You constrict the seraph!
You kill the seraph!
Cheibriados thoroughly appreciates the change of pace.
The cherub dissolves into sparkling lights!
The angel dissolves into sparkling lights!
The cherub dissolves into sparkling lights! x2
The angel completely misses you. x2
You feel your intelligence returning.
Unknown command.
You barely miss the angel. You grab the angel. You constrict the angel.
The angel completely misses you. The angel hits you but does no damage.
You hit the angel but do no damage.
The angel is lightly wounded.
You constrict the angel! The angel completely misses you. x2
You slash the angel! You burn the angel.
The angel is moderately wounded.
You constrict the angel! The angel completely misses you. x2
You slice the angel!! You burn the angel.
The angel is severely wounded.
You constrict the angel. The angel misses you. The angel completely misses you.
You slash the angel! You burn the angel.
The angel is severely wounded.
You constrict the angel!
The angel gestures.
The angel is healed somewhat.
You slash the angel! You burn the angel.
The angel is almost dead.
You constrict the angel.
The angel gestures.
The angel is healed somewhat.
You open the angel like a pillowcase!!! You burn the angel.
You kill the angel!
Cheibriados thoroughly appreciates the change of pace.
Your surroundings suddenly seem different.
HP restored.
You see here a +0 short sword.
There is an open door here.
There is a staircase leading out of the dungeon here.
You have escaped!

#......#
####..###.##...# #.
#......#
##♣♣♣.)♣♣#(##...# ##
..####.#
#.♣♣.....#'##...#
######.#
♣~♣........##...#
#......#
♣♣~~..#'#♣..######
#.###### ♣~~~.##.##♣..#
...# #♣~~~.#...#♣♣♣♣
#..# #~~8~~#...######
#..# #~~~~~##@.'....#
#####
#..######~~.8~.######..#
#....
........#~~~~~.....♣#''#
#.[..
..#####.#♣~~~......♣#..#
####....
..#####.#♣~~~###'#..#..#
#.##....
#.......#♣~~~#<#.#..#..#
#.##....
#.####..#♣♣~~#'#.#..####
#.####..
#.#.....##♣~##...#♣....♣
#...##.#
...[.#.#.####....#♣....♣
###.##.#


There were no monsters in sight!

Vanquished Creatures
  Antaeus (Coc:7)
  Asmodeus (Geh:7)
  the Royal Jelly (Slime:5)
  Ereshkigal (Tar:7)
  Gloorx Vloq (Pan)
  Mnoleg (Pan)
  2 seraphim the Serpent of Hell (Tar:7)
  Lom Lobon (Pan)
  7 dread liches
  Tiamat (Zot:4)
  3 ancient liches
  Mennas (Pan)
  11 orbs of fire
  7 juggernauts
  34 royal mummies
  7 Killer Klowns
  Boris (twice) (Vaults:5 D:13)
  Bai Suzhen (Swamp:4)
  22 shard shrikes
  Saint Roka (Vaults:3)
  the Lernaean hydra (Swamp:4)
  Vashnia (Snake:3)
  Geryon (Hell)
  7 curse toes
  11 golden dragons
  22 caustic shrikes
  Nikola (Depths:1)
  6 pandemonium lords
  Jory (Depths:3)
  9 bone dragons
  17 profane servitors
  14 doom hounds
  21 Tzitzimimeh
  14 Brimstone Fiends
  3 spectral shard shrikes
  10 iron giants
  5 electric golems
  12 hellephants
  25 Hell Sentinels
  19 Ice Fiends
  A shard shrike skeleton (Crypt:3)
  10 liches
  20 tainted leviathans
  26 Orb Guardians
  12 searing wretches
  17 tentacled monstrosities
  5 quicksilver dragons
  Asterion (Elf:3)
  2 deep elf blademasters (Elf:3)
  A kraken (Swamp:2)
  3 deep elf master archers
  2 walking divine tomes
  30 titans
  17 acid blobs
  The ghost of Likado the Warrior, an adept DrCj of Vehumet (Swamp:4)
  35 ancient champions
  16 Executioners (Pan)
  10 sphinxes
  5 tentacled starspawn (Abyss:4)
  10 death cobs
  A thorn hunter (Zig:16)
  5 draconian monks
  9 tengu reavers
  17 shadow dragons
  17 storm dragons
  5 revenants
  5 nagarajas
  3 demonspawn warmongers (Pan)
  7 rockslimes
  The ghost of Yjojym Zeich the Frost Mage, an adept HuWn of Vehumet (Swamp:3)
  15 azure jellies
  15 fire giants
  5 draconian knights
  12 quicksilver elementals
  7 frost giants
  8 narguns
  7 deep elf sorcerers
  21 vault wardens
  6 draconian scorchers
  15 iron dragons
  52 balrugs
  2 curse skulls (Pan)
  A deep elf elementalist (Elf:3)
  Louise (Snake:2)
  A spectral caustic shrike (Tar:1)
  2 emperor scorpions (Zig:14)
  2 spectral juggernauts
  A caustic shrike zombie (Crypt:2)
  Aizul (Swamp:2)
  7 ghouls
  4 spriggan defenders
  2 shard shrike simulacra
  7 ghost moths
  7 demonspawn corrupters (Pan)
  2 angels
  3 draconian shifters
  12 reapers
  7 draconian annihilators
  4 draconian stormcallers
  18 very ugly things
  15 cacodemons (Pan)
  18 ironbound preservers
  31 war gargoyles
  6 demonspawn blood saints (Pan)
  A broodmother (Zig:14)
  7 ironbound thunderhulks
  6 orc warlords
  23 elemental wellsprings
  9 vampire knights
  22 stone giants
  15 green draconians
  10 quicksilver oozes
  14 wendigos
  13 lorocyprocas
  23 putrid mouths
  4 demonspawn black suns (Pan)
  8 black draconians
  6 deep elf annihilators
  8 deep elf demonologists
  4 yellow draconians
  16 bennus
  13 red draconians
  A spectral titan (Tar:5)
  4 bunyips
  2 minotaurs
  15 purple draconians
  11 white draconians
  A minotaur (shapeshifter) (Vaults:5)
  33 dire elephants
  11 eidola
  4 spark wasps
  38 iron golems
  8 green deaths
  5 blizzard demons (Pan)
  3 formless jellyfish
  A spectral quicksilver dragon (Tar:3)
  8 ettins
  A fire dragon (shapeshifter) (Vaults:5)
  2 crystal guardians
  11 deep elf death magi
  3 deep elf high priests
  7 jiangshi
  8 entropy weavers
  32 mummy priests
  16 great orbs of eyes
  10 merfolk javelineers
  A merfolk impaler (Zig:13)
  The ghost of Plog the Thaumaturge, a journeyman DECj of Dithmenos (D:14)
  10 rakshasas
  5 spectral spriggans
  3 fire dragons
  9 yaktaur captains
  A shambling mangrove (Zig:16)
  2 spriggan zombies
  3 caustic shrike simulacra
  The ghost of lunkers the Zephyrmancer, a journeyman MeAE of Ashenzari (Orc:2)
  A fenstrider witch zombie (Abyss:1)
  10 salamander tyrants
  8 ice dragons
  3 hell beasts (Pan)
  A spectral fenstrider witch (Tar:1)
  A peacekeeper (Vaults:3)
  2 jorogumos (Zig:14)
  24 hydras
  A radroach (Zig:14)
  3 ghost crabs
  3 catoblepae
  31 vault guards
  4 spriggan skeletons
  5 death knights
  2 merfolk aquamancers (Zig:13)
  2 spriggan air magi
  3 ogre magi (Vaults:5)
  12 anacondas
  A fenstrider witch skeleton (Crypt:3)
  15 ironbound frosthearts
  2 tengu warriors
  12 two-headed ogres
  7 centaur warriors
  19 alligators
  7 boulder beetles
  4 juggernaut simulacra
  An alligator snapping turtle (Zig:13)
  22 naga warriors
  14 stokers
  2 spectral stone giants (Tar:1)
  30 dancing weapons
  The ghost of Sovesh the Nimble, a journeyman OpCj of Sif Muna (Lair:2)
  10 deep troll shamans
  A satyr (Zig:9)
  42 hell hogs
  7 death yaks (Lair:5)
  12 orc high priests
  10 vampire magi
  7 spriggan berserkers
  An azure jelly zombie (Crypt:1)
  22 death scarabs
  19 naga sharpshooters
  2 deep troll earth magi
  The ghost of lunkers the Geomancer, a novice MeWn (Lair:1)
  15 hell knights
  11 shock serpents
  6 thrashing horrors
  2 spectral dire elephants
  23 spriggans
  2 spectral storm dragons (Tar:1)
  123 sun demons
  3 titan skeletons (Pan)
  37 soul eaters
  22 sixfirhies
  21 deep elf knights
  19 shadow wraiths
  35 skeletal warriors
  7 crystal echidnas
  3 iron trolls
  7 wretched stars
  2 skysharks
  A spectral bunyip (Tar:1)
  4 spatial maelstroms
  7 goliath frogs
  A spectral anaconda (Tar:4)
  5 cherubim
  A death drake (shapeshifter) (Vaults:5)
  4 flayed ghosts
  3 salamander mystics (Snake:4)
  3 death drakes
  3 spectral iron dragons
  8 spriggan druids
  An iron giant zombie (Crypt:3)
  6 glowing orange brains
  17 swamp dragons
  A spectral hydra (Lair:2)
  A quicksilver dragon simulacrum (Coc:5)
  An orange crystal statue (Zig:17)
  An orb spider (Zig:14)
  42 deep trolls
  21 ironbound convokers
  11 shadow demons
  36 deep elf pyromancers
  5 bog bodies
  7 naga ritualists
  7 lindwurms
  A steelbarb worm (Zig:14)
  A bunyip skeleton (Crypt:3)
  4 deep elf archers
  10 sea snakes
  7 obsidian statues
  19 wizards
  14 salamanders
  18 orc knights
  14 phantasmal warriors
  27 deep elf zephyrmancers
  8 necromancers
  A fenstrider witch simulacrum (Coc:1)
  A wolf spider (shapeshifter) (Vaults:5)
  4 harpies (Zig:13)
  A spectral fire dragon (Tar:1)
  14 mana vipers
  8 shining eyes
  3 orc sorcerers
  2 iron dragon zombies
  41 ugly things
  7 cyclopes
  3 fauns
  An oklob plant (D:10)
  4 wolf spiders (Zig:14)
  Maurice (D:10)
  A moth of wrath (shapeshifter) (Zig:4)
  A goliath frog skeleton (Crypt:1)
  A stone giant zombie (Hell)
  An iron dragon skeleton (Pan)
  9 will-o-the-wisps
  A worldbinder (Abyss:1)
  A merfolk siren (Zig:2)
  A manticore (shapeshifter) (Elf:2)
  15 elephants
  A guardian serpent (shapeshifter) (Abyss:2)
  30 black mambas
  4 spectral centaurs (Tar:1)
  A dire elephant zombie (Crypt:2)
  9 demonic crawlers
  7 manticores
  24 moths of wrath
  4 titan simulacra
  9 guardian serpents
  17 vault sentinels
  2 water nymphs (Zig:13)
  2 naga zombies
  A rust devil (Hell)
  A stone giant skeleton (Hell)
  3 eyes of devastation
  32 smoke demons
  A centaur zombie (Tomb:1)
  22 naga magi
  9 apocalypse crabs (Zot:2)
  6 molten gargoyles (Geh:7)
  3 gargoyles (D:12)
  3 ice statues
  4 centaur skeletons
  5 spectral swamp worms (Tar:7)
  9 cane toads
  3 dire elephant skeletons
  32 orange demons
  6 torpor snails
  24 hellions
  An unseen horror (Abyss:4)
  An unseen horror (shapeshifter) (D:15)
  10 freezing wraiths
  2 anaconda simulacra
  3 ice devils
  3 naga skeletons
  9 komodo dragons
  2 kobold demonologists (D:14)
  18 efreet
  A yaktaur (shapeshifter) (D:15)
  33 yaktaurs
  7 ancient zymes
  An iron giant simulacrum (Coc:7)
  34 tormentors
  2 spectral nagas
  3 red devils
  4 bunyip simulacra
  A tengu conjurer (Depths:3)
  2 golden dragon simulacra
  A troll (shapeshifter) (D:15)
  3 bloated husks (Swamp:3)
  13 trolls
  A hydra zombie (Crypt:3)
  3 silent spectres
  A shadow dragon simulacrum (Coc:1)
  3 meliai (D:14)
  10 tyrant leeches
  39 guardian mummies
  18 hellwings
  3 merfolk (Zig:13)
  4 spectral harpies
  A wind drake (shapeshifter) (D:12)
  2 polar bears
  20 hornets
  5 harpy skeletons
  A mana viper skeleton (Crypt:1)
  31 large abominations
  2 tarantellas (Zig:14)
  A blink frog (shapeshifter) (Elf:3)
  21 blink frogs
  A dream sheep (Zig:12)
  A meliai zombie (Crypt:2)
  10 raiju
  12 flying skulls
  A snapping turtle (Zig:13)
  A spectral black mamba (Tar:1)
  A jumping spider (Zig:14)
  An air elemental (Elf:2)
  78 slime creatures
  An ettin skeleton (Pan)
  An ice dragon skeleton (Pan)
  57 yaks
  A shadow (D:12)
  A spriggan (shapeshifter) (Vaults:5)
  6 centaur simulacra
  A dire elephant simulacrum (Coc:5)
  A naga simulacrum (Hell)
  43 ushabtiu
  4 fire bats
  5 vampires
  7 wyverns
  4 water elementals
  11 wraiths
  2 spectral komodo dragons (Lair:2)
  5 humans
  3 basilisks
  17 starcursed masses
  30 ynoxinuls
  A black mamba skeleton (Crypt:1)
  2 fire elementals
  Grum (D:8)
  An alligator snapping turtle simulacrum (Coc:1)
  A redback (shapeshifter) (Depths:3)
  A golden eye (Zig:17)
  15 chaos spawn
  17 neqoxecs
  10 vampire mosquitoes
  2 steam dragons
  A golden eye (shapeshifter) (Vaults:5)
  A redback simulacrum (D:14)
  9 redbacks
  A two-headed ogre zombie (Crypt:3)
  4 spatial vortices (Abyss:4)
  9 wargs
  11 harpy simulacra
  2 demonspawn zombies
  15 water moccasins
  A floating eye (Depths:1)
  10 hell hounds
  39 nagas
  10 swamp worms
  2 hydra simulacra
  A water nymph skeleton (Crypt:2)
  5 sky beasts
  7 swamp drakes (Swamp:4)
  55 orc warriors
  3 black bears
  6 ettin simulacra
  17 ogres
  7 spriggan simulacra
  A swamp dragon zombie (Crypt:3)
  A black mamba simulacrum (Lair:2)
  9 centaurs
  6 boggarts
  A dream sheep skeleton (Crypt:2)
  16 small abominations
  19 wolves
  2 swamp dragon skeletons
  A phantom (D:4)
  7 kobold brigands
  Blork the orc (D:5)
  3 necrophages
  15 bullfrogs
  A gnoll sergeant (D:8)
  A komodo dragon skeleton (Crypt:1)
  6 scorpions
  A draconian skeleton (Crypt:1)
  9 wights
  A water moccasin skeleton (Crypt:1)
  A hornet simulacrum (Gauntlet)
  7 killer bees
  A troll zombie (Crypt:3)
  2 electric eels
  2 howler monkeys (D:10)
  2 quasits (Abyss:1)
  A bullfrog skeleton (Crypt:3)
  4 jellies
  31 orc priests
  A basilisk zombie (Crypt:3)
  2 hounds
  An iron imp (Abyss:1)
  A sleepcap (D:5)
  A human skeleton (Crypt:2)
  Ijyb (D:5)
  8 iguanas
  22 orc wizards
  A lightning spire (Gauntlet)
  A boggart simulacrum (D:14)
  A hound skeleton (Crypt:2)
  45 mummies
  11 adders
  7 gnolls (D:8)
  A steam dragon zombie (Crypt:1)
  2 river rats (Sewer)
  A shadow imp (Abyss:1)
  3 white imps
  3 ufetubi
  2 worm zombies
  6 worms
  A dart slug (D:1)
  91 orcs
  12 endoplasms
  2 giant cockroaches
  4 hobgoblins
  7 jackals (D:5)
  9 quokkas
  9 ball pythons
  4 bats
  A frilled lizard (D:1)
  4 goblins
  31 kobolds
  A kobold zombie (Crypt:2)
  An orc skeleton (Crypt:3)
  7 rats
  A rat skeleton (Crypt:3)
  7 creeping infernos
  23 fire vortices
  A lurking horror (Abyss:1)
  2 starspawn tentacles (Abyss:4)
  A tentacle (Swamp:2)
4217 creatures vanquished.

Vanquished Creatures (collateral kills)
  An acid blob (Slime:5)
  A quicksilver ooze (Slime:5)
2 creatures vanquished.

Vanquished Creatures (others)
  An eldritch tentacle (Pan)
  A draconian knight (Zot:4)
  A fire giant (Depths:3)
  3 shard shrike simulacra
  2 ghost moths
  A balrug (Geh:5)
  A stone giant (Zig:9)
  A demonspawn blood saint (Pan)
  A purple draconian (Zot:4)
  A red draconian (Zot:3)
  A merfolk impaler (Zig:13)
  A caustic shrike simulacrum (Coc:3)
  A centaur warrior (Zig:9)
  A satyr (Zig:9)
  A dancing weapon (Elf:3)
  A hell hog (Geh:2)
  A deep elf knight (Elf:1)
  A quicksilver dragon simulacrum (Coc:5)
  3 spriggan simulacra
  A wizard (Pan)
  A deep elf zephyrmancer (Elf:2)
  A manticore (Zig:13)
  2 merfolk sirens (Zig:13)
  2 titan simulacra
  A gargoyle (Zig:8)
  A smoke demon (Pan)
  An orange demon (Pan)
  A bunyip simulacrum (Coc:2)
  An anaconda simulacrum (Coc:7)
  A tyrant leech (Swamp:1)
  A red devil (Pan)
  3 bloated husks
  A golden dragon simulacrum (Coc:5)
  3 hellwings (Pan)
  A centaur simulacrum (Coc:2)
  An alligator snapping turtle simulacrum (Coc:2)
  A neqoxec (Pan)
  6 chaos spawn (Pan)
  A harpy simulacrum (Coc:3)
  A swamp worm (Swamp:1)
  2 ettin simulacra
  An orc priest (Vaults:3)
  An orc (Vaults:3)
  4 ball lightnings (Pan)
  3 creeping infernos
  3 fire vortices
  34 foxfires
  A lurking horror (Abyss:1)
  6 starspawn tentacles (Abyss:4)
  13 tentacles (Swamp:2)
124 creatures vanquished.

Grand Total: 4343 creatures vanquished

Notes
Turn   | Place    | Note
-------+----------+-------------------------------------------
     0 | D:1      | TittyCrusher the Naga Monk began the quest for the Orb.
     0 | D:1      | Reached XP level 1. HP: 21/21 MP: 1/1
   109 | D:1      | Reached XP level 2. HP: 28/28 MP: 2/2
   900 | D:2      | Reached XP level 3. HP: 28/34 MP: 3/3
  2254 | D:3      | Reached XP level 4. HP: 42/42 MP: 4/4
  2382 | D:3      | Noticed a scorpion
  2387 | D:3      | Killed a scorpion
  2388 | D:3      | Reached skill level 5 in Polearms
  2388 | D:3      | Reached XP level 5. HP: 42/49 MP: 5/5
  3307 | D:4      | Noticed a phantom
  3342 | D:4      | Killed a phantom
  3413 | D:4      | Found a basalt altar of Yredelemnul.
  3419 | D:4      | Reached XP level 6. HP: 51/56 MP: 6/6
  3434 | D:4      | Found a snail-covered altar of Cheibriados.
  3476 | D:4      | Became a worshipper of Cheibriados the Contemplative
  3476 | D:4      | Reached * piety under Cheibriados
  3476 | D:4      | Reached ** piety under Cheibriados
  3613 | D:4      | Found a bloodstained altar of Trog.
  3640 | D:4      | Found an opulent altar of Gozag.
  4063 | D:4      | Found a glowing golden altar of the Shining One.
  4063 | D:4      | Found a burning altar of Makhleb.
  4123 | D:5      | Entered Level 5 of the Dungeon
  4156 | D:5      | Found a glowing silver altar of Zin.
  4156 | D:5      | Noticed an angel
  4241 | D:5      | Found a stormy altar of Qazlal.
  4241 | D:5      | Found a blossoming altar of Fedhas.
  4252 | D:5      | Reached XP level 7. HP: 42/62 MP: 7/7
  4647 | D:6      | Reached XP level 8. HP: 22/69 MP: 8/8
  4733 | D:6      | Found a glowing drain.
  4777 | Sewer    | Entered a sewer
  4881 | Sewer    | Reached *** piety under Cheibriados
  4882 | Sewer    | Reached skill level 10 in Polearms
  5475 | D:6      | Reached **** piety under Cheibriados
  5622 | D:5      | Noticed Blork the orc
  5625 | D:5      | Noticed Ijyb
  5640 | D:5      | Killed Blork the orc
  5660 | D:5      | Killed Ijyb
  6067 | D:5      | Reached XP level 9. HP: 72/75 MP: 9/9
  6713 | D:6      | Gained mutation: Your tail ends in a venomous barb. [potion
                  | of mutation]
  6713 | D:6      | Gained mutation: Your natural rate of healing is unusually
                  | fast. [potion of mutation]
  6809 | D:6      | Reached ***** piety under Cheibriados
  6832 | D:6      | Reached skill level 1 in Shields
  6919 | D:6      | Found a runed translucent door.
  6960 | D:6      | Noticed Crazy Yiuf
  7047 | D:6      | Found a staircase to the Ecumenical Temple.
  7157 | D:6      | Identified the +5 rapier of Kismet {freeze, rF++ Dex+2}
  7244 | D:6      | Found an ornate altar of the Wu Jian Council.
  7514 | D:6      | Reached skill level 5 in Shields
  7538 | D:6      | Learned a level 3 spell: Frozen Ramparts
  7553 | D:7      | Reached skill level 1 in Ice Magic
  7563 | D:7      | Reached XP level 10. HP: 84/84 MP: 10/10
  8043 | D:7      | Reached ****** piety under Cheibriados
  8201 | D:8      | Reached skill level 1 in Invocations
  8255 | D:8      | Noticed Grum
  8323 | D:8      | Killed Grum
  8356 | D:8      | Found a shadowy altar of Dithmenos.
  8512 | D:8      | Reached skill level 5 in Invocations
  8669 | D:8      | Found a shimmering altar of Xom.
  8822 | D:9      | Noticed a two-headed ogre
  8835 | D:9      | Killed a two-headed ogre
  9098 | D:9      | Identified the +0 scale mail "Zuhaod" {rC+ Slay+5}
  9138 | D:9      | Reached skill level 5 in Dodging
  9195 | D:9      | Reached XP level 11. HP: 80/90 MP: 15/15
  9361 | D:9      | Noticed a two-headed ogre
  9372 | D:9      | Killed a two-headed ogre
  9448 | D:9      | Found a hazy altar of Hepliaklqana.
  9497 | D:9      | Found a staircase to the Orcish Mines.
  9614 | D:9      | Identified the +1 robe of the Dungeon {Dex+3}
  9953 | D:10     | Entered Level 10 of the Dungeon
 10135 | D:10     | Noticed Maurice
 10145 | D:10     | Killed Maurice
 10251 | D:10     | Found a white marble altar of Elyvilon.
 10408 | D:10     | Found a staircase to the Lair.
 10491 | D:10     | Noticed an oklob plant
 10698 | D:10     | Found a sparkling altar of Nemelex Xobeh.
 10902 | D:10     | Killed an oklob plant
 10922 | Lair:1   | Entered Level 1 of the Lair of Beasts
 10940 | Lair:1   | Reached skill level 5 in Ice Magic
 10974 | Lair:1   | Reached XP level 12. HP: 97/97 MP: 16/16
 11031 | Lair:1   | Identified the +0 ring mail of Ceniraan {rN+ Dex+2}
 11063 | Lair:1   | Noticed a catoblepas
 11072 | Lair:1   | Killed a catoblepas
 11073 | Lair:1   | Reached skill level 5 in Fighting
 11251 | Lair:1   | Found a runed translucent door.
 11252 | Lair:1   | Noticed lunkers's ghost (novice MeWn)
 11310 | Lair:1   | Killed lunkers's ghost
 11318 | Lair:1   | Learned a level 3 spell: Ozocubu's Armour
 11353 | Lair:1   | Noticed a catoblepas
 11366 | Lair:1   | Killed a catoblepas
 11754 | Lair:2   | Reached skill level 1 in Armour
 11836 | Lair:2   | Found a staircase to the Snake Pit.
 11856 | Lair:2   | Found a runed translucent gate.
 11856 | Lair:2   | Found a runed translucent gate.
 11856 | Lair:2   | Found a runed translucent gate.
 11861 | Lair:2   | Noticed Sovesh's ghost (journeyman OpCj)
 11864 | Lair:2   | Noticed a boulder beetle
 11896 | Lair:2   | Killed a boulder beetle
 12505 | Lair:3   | Reached skill level 5 in Armour
 12615 | Lair:3   | Gained mutation: You can use your snake-like lower body to
                  | constrict enemies. [Naga growth]
 12615 | Lair:3   | Reached XP level 13. HP: 118/118 MP: 13/17
 13069 | Lair:3   | Found a staircase to the Swamp.
 13341 | Lair:4   | Found a staircase to the Slime Pits.
 13341 | Lair:4   | Found a viscous altar of Jiyva.
 13753 | Lair:5   | Entered Level 5 of the Lair of Beasts
 14106 | Lair:5   | Reached skill level 10 in Armour
 14443 | Lair:5   | Learned a level 2 spell: Lesser Beckoning
 14484 | Lair:5   | Reached skill level 1 in Translocations
 14496 | Lair:5   | Reached XP level 14. HP: 104/127 MP: 13/18
 14687 | Lair:5   | Noticed a dire elephant
 14708 | Lair:5   | Killed a dire elephant
 15135 | D:11     | Found a gate leading to a gauntlet.
 15142 | Gauntlet | Entered a Gauntlet
 15142 | Gauntlet | Found a transporter.
 15142 | Gauntlet | Found a transporter.
 15146 | Gauntlet | Found a transporter.
 15146 | Gauntlet | Found a transporter.
 15166 | Gauntlet | Found a transporter.
 15166 | Gauntlet | Found a transporter.
 15166 | Gauntlet | Found a transporter.
 15173 | Gauntlet | Found a transporter.
 15204 | Gauntlet | Found a transporter.
 15213 | Gauntlet | Found a transporter.
 15233 | Gauntlet | Found a transporter.
 15255 | Gauntlet | Found a transporter.
 15298 | Gauntlet | Found a transporter.
 15316 | Gauntlet | Found a transporter.
 15420 | Gauntlet | Found a transporter.
 15434 | Gauntlet | Found a transporter.
 15535 | Gauntlet | Identified the amulet of Jopry {Reflect Rampage Will- Str+2
                  | SH+5}
 17125 | D:12     | Identified the +8 quarterstaff "Baosuxeq" {flame, rElec
                  | rPois rC-}
 17369 | D:13     | Found a shimmering blue altar of Sif Muna.
 17493 | D:13     | Reached skill level 10 in Invocations
 17544 | D:13     | Found a gate to the Vaults.
 17775 | D:13     | Reached XP level 15. HP: 123/134 MP: 23/23
 18065 | D:14     | Found a runed translucent gate.
 18065 | D:14     | Found a runed translucent gate.
 18065 | D:14     | Found a runed translucent gate.
 18066 | D:14     | Found an opulent altar of Gozag.
 18067 | D:14     | Noticed Plog's ghost (journeyman DECj)
 19223 | D:15     | Entered Level 15 of the Dungeon
 19407 | Orc:1    | Entered Level 1 of the Orcish Mines
 19473 | Orc:1    | Found a dark tunnel.
 19515 | Volcano  | Entered a volcano
 19836 | Orc:1    | Reached skill level 15 in Polearms
 20014 | Orc:2    | Entered Level 2 of the Orcish Mines
 20158 | Orc:2    | Noticed lunkers's ghost (journeyman MeAE)
 20636 | Orc:2    | Found Fingau's Distillery.
 20636 | Orc:2    | Found Viqer's Jewellery Shop.
 20637 | Orc:2    | Found Joanuwuj's Antique Weapon Boutique.
 20637 | Orc:2    | Found Gietytoe's Jewellery Shop.
 20711 | Orc:2    | Found a staircase to the Elven Halls.
 20878 | Orc:2    | Found a runed translucent gate.
 20878 | Orc:2    | Found a runed translucent gate.
 20878 | Orc:2    | Found a runed translucent gate.
 21017 | Orc:2    | Bought a sling for 34 gold pieces
 21017 | Orc:2    | Bought a runed glaive for 218 gold pieces
 21023 | Orc:2    | Bought 2 potions of magic for 272 gold pieces
 21023 | Orc:2    | Bought a potion of resistance for 170 gold pieces
 21028 | Orc:2    | Bought a ring of protection from fire for 300 gold pieces
 22301 | D:15     | Reached XP level 16. HP: 124/141 MP: 18/25
 22607 | D:15     | Found a staircase to the Depths.
 22837 | Swamp:1  | Entered Level 1 of the Swamp
 23170 | Swamp:1  | Learned a level 2 spell: Blink
 23437 | Swamp:1  | Reached skill level 5 in Translocations
 23613 | Swamp:2  | Noticed Aizul
 23632 | Swamp:2  | Killed Aizul
 23813 | D:11     | Identified the -1 helmet "Jonuh" {Str+4 Int+2}
 23971 | Swamp:2  | Noticed a kraken
 24028 | Swamp:2  | Identified the +7 flail "Sulaedof" {pain, Will+}
 24616 | Swamp:3  | Found a transporter.
 24623 | Swamp:3  | Noticed Yjojym Zeich's ghost (adept HuWn)
 24624 | Swamp:3  | Found a transporter.
 25274 | Swamp:3  | Killed Yjojym Zeich's ghost
 25298 | Swamp:3  | Identified the +6 swamp dragon scales of the Lotus Blossom
                  | {rPois rF+ Str-4 SInv}
 25359 | Swamp:4  | Entered Level 4 of the Swamp
 25359 | Swamp:4  | Noticed Bai Suzhen
 25646 | Swamp:4  | Reached XP level 17. HP: 135/148 MP: 26/26
 25928 | Snake:1  | Entered Level 1 of the Snake Pit
 27110 | Snake:2  | Identified the +0 pair of gloves of the Vaults {Rampage
                  | rPois Will+}
 27195 | Snake:2  | Reached skill level 10 in Dodging
 27258 | Snake:2  | Identified a scroll of acquirement
 27270 | Snake:2  | Acquired a +2 barding of stealth
 27653 | Snake:2  | Noticed Louise
 27665 | Snake:2  | Killed Louise
 28079 | Snake:2  | Found Xunox's Antique Armour Shop.
 28140 | Snake:2  | Found a runed translucent gate.
 28140 | Snake:2  | Found a runed translucent gate.
 28140 | Snake:2  | Found a runed translucent gate.
 28471 | Snake:3  | Noticed Vashnia
 28499 | Snake:3  | Killed Vashnia
 28587 | Snake:3  | Reached XP level 18. HP: 116/157 MP: 20/27
 29404 | Snake:4  | Entered Level 4 of the Snake Pit
 29423 | Snake:4  | Found Beboocw's Weapon Shoppe.
 29691 | Snake:4  | Found Seche's Book Emporium.
 29709 | Snake:4  | Found Qafyw's Assorted Antiques.
 29715 | Snake:4  | Found Zotag's Antique Armour Shoppe.
 29717 | Snake:4  | Bought a potion of invisibility for 240 gold pieces
 29717 | Snake:4  | Bought a scroll of immolation for 120 gold pieces
 29717 | Snake:4  | Bought a bronze ring mail for 270 gold pieces
 29717 | Snake:4  | Identified the +1 ring mail "Imuqikoa" {rN++ Int+2 Stlth-}
                  | (You bought it in a shop on level 4 of the Snake Pit)
 29725 | Snake:4  | Bought an ichor-stained plate armour for 1036 gold pieces
 29725 | Snake:4  | Identified the +4 plate armour of Patsuidi {rElec rC++}
                  | (You bought it in a shop on level 4 of the Snake Pit)
 29918 | Snake:4  | Found Xaluffoc's General Store.
 30101 | Snake:4  | Reached skill level 1 in Evocations
 30130 | Snake:4  | Reached skill level 5 in Evocations
 30257 | Snake:4  | Identified the +1 mace of the Warrior {freeze, Int+3}
 30284 | Snake:4  | Got a serpentine rune of Zot
 31242 | Swamp:4  | Found a transporter.
 31245 | Swamp:4  | Found a bloodstained altar of Trog.
 31245 | Swamp:4  | Noticed Likado's ghost (adept DrCj)
 31258 | Swamp:4  | Found a transporter.
 31480 | Swamp:4  | Noticed the 27-headed Lernaean hydra
 31497 | Swamp:4  | Killed the 20-headed Lernaean hydra
 31498 | Swamp:4  | Reached XP level 19. HP: 113/163 MP: 28/28
 31594 | Swamp:4  | Got a decaying rune of Zot
 31721 | Swamp:4  | Killed Likado's ghost
 31756 | Swamp:4  | Acquired 1240 gold pieces
 32140 | Elf:1    | Entered Level 1 of the Elven Halls
 32147 | Elf:1    | Reached skill level 10 in Evocations
 32339 | Elf:1    | Got the Compendium of Bruises
 33060 | Elf:1    | Reached skill level 10 in Fighting
 33500 | Elf:2    | Found a runed translucent gate.
 33500 | Elf:2    | Found a runed translucent gate.
 33500 | Elf:2    | Found a runed translucent gate.
 33725 | Elf:2    | Reached XP level 20. HP: 166/186 MP: 27/30
 33994 | Elf:2    | Found Zoyquyf's Magic Scroll Shop.
 34181 | Elf:3    | Entered Level 3 of the Elven Halls
 34217 | Elf:3    | Reached XP level 21. HP: 196/196 MP: 31/31
 34228 | Elf:3    | Found Ixamnooth's Antique Armour Shoppe.
 34230 | Elf:3    | Found Yruakk's Antique Weapon Emporium.
 34235 | Elf:3    | Noticed Asterion
 34251 | Elf:3    | Killed Asterion
 34270 | Elf:3    | Found Cocaomel's Magic Scroll Shoppe.
 34274 | Elf:3    | Got Lian Uno's Precepts of Portals and Inhalation
 34278 | Elf:3    | Bought an embroidered cloak for 217 gold pieces
 34278 | Elf:3    | Bought a glowing cloak for 217 gold pieces
 34417 | Elf:3    | Learned a level 3 spell: Vhi's Electric Charge
 34469 | Elf:3    | Reached skill level 1 in Air Magic
 34534 | Elf:3    | Found Woheifagro's Weapon Shoppe.
 34590 | Elf:3    | Reached skill level 5 in Air Magic
 34698 | Elf:3    | Learned a level 5 spell: Freezing Cloud
 34820 | Elf:3    | Identified the ring "Qobeof" {rC+ Will+ SInv}
 34824 | Elf:3    | Found the ring of the Tortoise {AC+8}
 34841 | Elf:3    | Identified the +0 pair of boots of the Valley {+Blink rF+}
 34857 | Elf:3    | Identified the staff of conjuration "Imeydgh" {rPois rF-
                  | rC+ Will++}
 34859 | Elf:3    | Got the Book of the Wendigo
 34873 | Elf:3    | Identified the +4 whip of Lust {heavy, *Corrode MP+9 Str+3}
 34891 | Elf:3    | Identified the +4 sling "Itarhoim" {freeze, Fly rCorr}
 34942 | Elf:3    | Got Vefuhu's Tome of Bewitching Command
 34953 | Elf:3    | Identified the ring "Udiameo" {Fire Fly Str-5 Dex-4 SInv}
 34961 | Elf:3    | Identified the +1 scale mail of Voazxot {Harm Dex+3}
 34973 | Elf:3    | Identified the +1 hand axe of Premature Burial {heavy,
                  | rElec rC- Dex+2}
 35442 | Vaults:1 | Entered Level 1 of the Vaults
 35515 | Vaults:1 | Reached skill level 15 in Armour
 36924 | Vaults:2 | Reached XP level 22. HP: 70/206 MP: 20/32
 37062 | Vaults:2 | Reached skill level 1 in Conjurations
 37161 | Vaults:2 | Reached skill level 1 in Spellcasting
 37322 | Vaults:2 | Found Miodoetol's Book Shoppe.
 37676 | Vaults:2 | Learned a level 8 spell: Necromutation
 37766 | Vaults:2 | Reached skill level 5 in Spellcasting
 38029 | Vaults:2 | Found the +8 storm bow {elec, penet}
 38553 | Vaults:3 | Found a staircase to the Crypt.
 38751 | Vaults:3 | Noticed Saint Roka
 38763 | Vaults:3 | Killed Saint Roka
 39506 | Vaults:3 | Found the crystal ball of Wucad Mu {*channel}
 39802 | Vaults:4 | Found Heash's Antique Armour Emporium.
 39906 | Vaults:4 | Reached XP level 23. HP: 180/213 MP: 24/33
 40063 | Vaults:4 | Found Atwostro's Jewellery Shop.
 40515 | Vaults:4 | Found Fiugoz's Armour Shop.
 40783 | Crypt:1  | Entered Level 1 of the Crypt
 41062 | Crypt:1  | Acquired 736 gold pieces
 42026 | Crypt:3  | Entered Level 3 of the Crypt
 42527 | Crypt:3  | Noticed a curse toe
 42531 | Crypt:3  | Killed a curse toe
 42558 | Crypt:3  | Found a basalt altar of Yredelemnul.
 42564 | Crypt:3  | Found an ancient bone altar of Kikubaaqudgha.
 42664 | Crypt:3  | Identified the +6 falchion "Zyiwiret" {elec, Str+2 Int+5}
 42971 | Crypt:3  | Acquired the +0 barding of the Valley of Death {*Slow +Inv
                  | rF+++ rC+ Slay+3}
 43360 | Crypt:3  | Found a staircase to the Tomb.
 43686 | Depths:1 | Entered Level 1 of the Depths
 43687 | Depths:1 | Found a gateway to Hell.
 43738 | Depths:1 | Reached skill level 1 in Necromancy
 43738 | Depths:1 | Reached skill level 1 in Transmutations
 43794 | Depths:1 | Found a one-way gate leading to the halls of Pandemonium.
 43842 | Depths:1 | Reached XP level 24. HP: 222/222 MP: 33/33
 43852 | Depths:1 | Noticed Nikola
 43857 | Depths:1 | Killed Nikola
 44304 | Depths:1 | Found a runed translucent door.
 44304 | Depths:1 | Identified the staff of death "Nepelil" {rPois rF+ rC+ rN+
                  | SInv}
 44465 | Depths:1 | Noticed an ancient lich
 44473 | Depths:1 | Killed an ancient lich
 44474 | Depths:1 | Reached skill level 5 in Necromancy
 44474 | Depths:1 | Reached skill level 5 in Transmutations
 44810 | Depths:1 | Got the Tractate on Filth and the Mantle
 44814 | Depths:1 | Got the Secrets of Causimancy and Companions
 45718 | Depths:2 | Found the +2 cloak of the Thief {*Fog Slay-2 SInv Stlth+}
 45890 | Depths:2 | Found a shadowy altar of Dithmenos.
 45953 | Depths:2 | Reached skill level 1 in Stealth
 46225 | Depths:3 | Found a one-way gate to the infinite horrors of the Abyss.
 46236 | Depths:3 | Reached skill level 5 in Stealth
 46296 | Depths:3 | Noticed a caustic shrike
 46299 | Depths:3 | Killed a caustic shrike
 46349 | Depths:3 | Noticed Jory
 46361 | Depths:3 | Killed Jory
 46461 | Depths:3 | You fall into a shaft and drop 1 floor!
 46461 | Depths:4 | Entered Level 4 of the Depths
 46547 | Depths:4 | Reached skill level 10 in Stealth
 46734 | Depths:4 | Found a one-way gateway to a ziggurat.
 46824 | Depths:4 | Noticed a juggernaut
 46831 | Depths:4 | Killed a juggernaut
 46832 | Depths:4 | Reached XP level 25. HP: 211/222 MP: 32/33
 47015 | Depths:4 | Found a gate to the Realm of Zot.
 47364 | Depths:3 | Found a portal to a secret trove of treasure.
 48162 | Depths:4 | Found an iron altar of Okawaru.
 48664 | Vaults:5 | Entered Level 5 of the Vaults
 48664 | Vaults:5 | Noticed Boris
 48843 | Vaults:5 | Reached skill level 10 in Necromancy
 48923 | Vaults:5 | Reached skill level 10 in Transmutations
 49018 | Vaults:5 | Identified the staff of cold "Ixot" {rF+ rC+}
 49129 | Vaults:5 | Identified the +6 sling of Carved Blind Justice {drain,
                  | rPois Will+}
 49208 | Vaults:5 | Identified the amulet of Husmog {Acrobat rF+}
 49264 | Vaults:5 | Noticed a dread lich
 49274 | Vaults:5 | Killed a dread lich
 49502 | Vaults:5 | Identified the +6 hand axe of Eddoeha {antimagic, rPois rF+
                  | SInv}
 49502 | Vaults:5 | Identified the ring of Music {EV+5 Str+3 Int-4 Dex+6}
 49566 | Vaults:5 | Killed Boris
 49614 | Vaults:5 | Reached XP level 26. HP: 228/237 MP: 33/33
 49767 | Vaults:5 | Identified the +4 orcbow of Ashenzari, Burning {drain,
                  | rElec Int+4}
 50568 | Elf:3    | Bought a scroll of enchant armour for 112 gold pieces
 50946 | Depths:3 | You paid a toll of +3 shadow dragon scales to enter a
                  | treasure trove
 50947 | Trove    | Entered a treasure trove
 50951 | Trove    | Identified the ring "Ynuoj" {rElec Str-3 Int+4 Slay+4}
 50953 | Trove    | Identified the ring of Asaidwac {AC+4 Str+2}
 50955 | Trove    | Identified the ring of Kuck {rCorr Dex+3}
 50957 | Trove    | Identified the ring "Piaturch" {rElec rF+ rC+ AC+4 Dex+2}
 50963 | Trove    | Identified the ring "Nufuicau" {Fly rN+ rCorr Dex+5}
 50966 | Trove    | Identified the amulet "Heustru" {RegenMP Harm rF+ Int-5}
 50972 | Trove    | Identified the amulet "Kiulama" {RegenMP *Corrode Fly rF+
                  | Str-4 Int+3}
 51516 | Vaults:5 | Identified the +2 trident of Megry {flame, Int+8}
 51812 | Vaults:5 | Got Ukeoveug's Almanac of the Mighty Dead
 51817 | Vaults:5 | Got the Octavo of Amalgamated Anthracomancy
 51820 | Vaults:5 | Got a silver rune of Zot
 52203 | Vaults:5 | Noticed a dread lich
 52210 | Vaults:5 | Killed a dread lich
 52610 | Slime:1  | Entered Level 1 of the Pits of Slime
 52875 | Slime:5  | Entered Level 5 of the Pits of Slime
 52932 | Slime:5  | Gained mutation: You are weak. (Str -2) [a shining eye]
 53075 | Slime:5  | Found a viscous altar of Jiyva.
 53133 | Slime:5  | Noticed the Royal Jelly
 53160 | Slime:5  | Killed the Royal Jelly
 53324 | Slime:5  | Got the Atlas of the Hornet and Topology
 53327 | Slime:5  | Identified the +1 flail "Nutzaefa" {speed, rCorr SInv
                  | Stlth+}
 53362 | Slime:5  | Identified the staff of conjuration "Ozuem" {MP+9 Stlth+}
 53376 | Slime:5  | Got a slimy rune of Zot
 53379 | Slime:5  | Identified the +1 scale mail of Detimm Atro {+Blink rElec}
 53391 | Slime:5  | Identified the +6 shortbow of the Bouncing Olives {freeze,
                  | Str+2 Dex+4}
 53432 | Slime:2  | Reached skill level 15 in Dodging
 53751 | Zot:1    | Entered Level 1 of the Realm of Zot
 54880 | Zot:1    | Noticed an orb of fire
 54888 | Zot:1    | Killed an orb of fire
 54965 | Zot:1    | Identified the +4 chain mail of Broken Taboos {MP+9 Int+2}
 55188 | Zot:1    | Identified the +9 whip "Vaimev" {venom, rElec rF+ Int+2
                  | Dex+2}
 55259 | Zot:2    | Noticed a Killer Klown
 55269 | Zot:2    | Killed a Killer Klown
 55275 | Zot:2    | Reached XP level 27. HP: 246/246 MP: 33/33
 55601 | Zot:2    | Reached skill level 15 in Evocations
 55742 | Zot:2    | Identified the +3 robe of the Imbibing Gods {rF+ rCorr}
 55892 | Zot:2    | Paralysed by you for 5 turns
 56339 | Zot:2    | Identified the +10 rapier of Divine Action {heavy, rF+ rC+
                  | Str+2}
 56449 | Zot:2    | Learned a level 2 spell: Wereblood
 56452 | Zot:2    | Learned a level 2 spell: Sublimation of Blood
 56457 | Zot:2    | Learned a level 4 spell: Passage of Golubria
 57731 | Zot:4    | Found the +4 dragonskin cloak
 57731 | Zot:4    | Noticed Tiamat
 57752 | Zot:4    | Killed Tiamat
 57756 | Zot:4    | Reached skill level 10 in Spellcasting
 57996 | Zot:4    | Noticed an orb of fire
 57997 | Zot:4    | Gained mutation: You occasionally lose the ability to drink
                  | potions when taking damage. [an orb of fire]
 58002 | Zot:4    | Gained mutation: Your magical capacity is low. (-10% MP)
                  | [an orb of fire]
 58006 | Zot:4    | Killed an orb of fire
 58007 | Zot:4    | Lost mutation: You are weak. (Str -2) [potion of mutation]
 58007 | Zot:4    | Lost mutation: Your natural rate of healing is unusually
                  | fast. [potion of mutation]
 58007 | Zot:4    | Gained mutation: You are strong-willed. (Will+) [potion of
                  | mutation]
 58007 | Zot:4    | Gained mutation: You have sharp fingernails. [potion of
                  | mutation]
 58007 | Zot:4    | Gained mutation: You have a pair of small horns on your
                  | head. [potion of mutation]
 58008 | Zot:4    | Lost mutation: You have sharp fingernails. [potion of
                  | mutation]
 58008 | Zot:4    | Lost mutation: Your tail ends in a venomous barb. [potion
                  | of mutation]
 58008 | Zot:4    | Lost mutation: You are strong-willed. (Will+) [potion of
                  | mutation]
 58009 | Zot:4    | Lost mutation: Your magical capacity is low. (-10% MP)
                  | [potion of mutation]
 58009 | Zot:4    | Lost mutation: You have a pair of small horns on your head.
                  | [potion of mutation]
 58009 | Zot:4    | Gained mutation: Your spells are a little easier to cast,
                  | but a little less powerful. [potion of mutation]
 58009 | Zot:4    | Gained mutation: Your flesh is cold resistant. (rC+)
                  | [potion of mutation]
 58009 | Zot:4    | Gained mutation: You have hidden genetic potential. [potion
                  | of mutation]
 58010 | Zot:4    | Lost mutation: Your spells are a little easier to cast, but
                  | a little less powerful. [potion of mutation]
 58010 | Zot:4    | Lost mutation: Your flesh is cold resistant. (rC+) [potion
                  | of mutation]
 58010 | Zot:4    | Gained mutation: You passively map a small area around you.
                  | [potion of mutation]
 58010 | Zot:4    | Gained mutation: You are covered in fur. (AC +1) [potion of
                  | mutation]
 58011 | Zot:4    | Lost mutation: You passively map a small area around you.
                  | [potion of mutation]
 58011 | Zot:4    | Lost mutation: You have hidden genetic potential. [potion
                  | of mutation]
 58011 | Zot:4    | Lost mutation: You occasionally lose the ability to drink
                  | potions when taking damage. [potion of mutation]
 58011 | Zot:4    | Gained mutation: You are strong-willed. (Will+) [potion of
                  | mutation]
 58011 | Zot:4    | Gained mutation: You are resistant to electric shocks.
                  | (rElec) [potion of mutation]
 58011 | Zot:4    | Lost mutation: You are resistant to electric shocks.
                  | (rElec) [potion of mutation]
 58011 | Zot:4    | Gained mutation: You are highly strong-willed. (Will++)
                  | [potion of mutation]
 58229 | Zot:5    | Entered Level 5 of the Realm of Zot
 58449 | Zot:5    | Noticed a dread lich
 58451 | Zot:5    | Noticed an orb of fire
 58453 | Zot:5    | Noticed an orb of fire
 58457 | Zot:5    | Noticed an orb of fire
 58590 | Zot:5    | Killed a dread lich
 58601 | Zot:5    | Noticed an orb of fire
 58611 | Zot:5    | Killed an orb of fire
 58695 | Zot:5    | Killed an orb of fire
 58946 | Zot:5    | Noticed a dread lich
 58956 | Zot:5    | Killed a dread lich
 59136 | Zot:5    | Gained mutation: Your magical capacity is low. (-10% MP)
                  | [an orb of fire]
 59137 | Zot:5    | Killed an orb of fire
 59492 | D:14     | Killed Plog's ghost
 59704 | Lair:2   | Killed Sovesh's ghost
 59715 | Lair:2   | Acquired the amulet of Rugrol {RegenMP *Corrode Regen+ MP+9
                  | Int+6}
 60434 | Swamp:4  | Killed Bai Suzhen
 60435 | Swamp:4  | Reached skill level 15 in Necromancy
 60435 | Swamp:4  | Reached skill level 15 in Transmutations
 60702 | Orc:2    | Killed lunkers's ghost
 60788 | Orc:2    | Bought a potion of curing for 51 gold pieces
 60788 | Orc:2    | Bought a potion of brilliance for 68 gold pieces
 60788 | Orc:2    | Bought a potion of brilliance for 68 gold pieces
 60788 | Orc:2    | Bought a potion of invisibility for 136 gold pieces
 60788 | Orc:2    | Bought a potion of invisibility for 136 gold pieces
 60788 | Orc:2    | Bought a potion of lignification for 51 gold pieces
 60889 | Elf:2    | Bought a scroll of teleportation for 57 gold pieces
 60889 | Elf:2    | Bought a scroll of teleportation for 57 gold pieces
 60889 | Elf:2    | Bought a scroll of poison for 76 gold pieces
 60889 | Elf:2    | Bought a scroll of poison for 76 gold pieces
 60889 | Elf:2    | Bought a scroll of teleportation for 57 gold pieces
 60932 | Elf:3    | Bought a scroll of teleportation for 45 gold pieces
 60932 | Elf:3    | Bought a scroll of blinking for 112 gold pieces
 60932 | Elf:3    | Bought a scroll of teleportation for 45 gold pieces
 60932 | Elf:3    | Bought a scroll of brand weapon for 142 gold pieces
 60932 | Elf:3    | Bought a scroll of teleportation for 45 gold pieces
 60932 | Elf:3    | Bought a scroll of teleportation for 45 gold pieces
 61329 | Zig:1    | Entered Level 1 of a ziggurat
 61330 | Zig:1    | Noticed Goasuh the pandemonium lord
 61336 | Zig:1    | Killed Goasuh the pandemonium lord
 61348 | Zig:2    | Entered Level 2 of a ziggurat
 61371 | Zig:3    | Entered Level 3 of a ziggurat
 61399 | Zig:4    | Entered Level 4 of a ziggurat
 61406 | Zig:4    | Gained mutation: Your body sometimes deteriorates upon
                  | taking damage. [a neqoxec]
 61763 | Zig:5    | Entered Level 5 of a ziggurat
 61830 | Zig:6    | Entered Level 6 of a ziggurat
 61871 | Zig:6    | Identified the staff of earth "Jaawah" {Dex+5 Stlth+}
 61889 | Zig:7    | Entered Level 7 of a ziggurat
 61927 | Zig:7    | Identified the orb of Pride {*Rage, Harm Fly rC+ Str-3}
 62034 | Zig:8    | Entered Level 8 of a ziggurat
 62324 | Zig:8    | Identified the +0 robe "Novabef" {Str+6 Int+3}
 62326 | Zig:8    | Got the Handbook of the Massed Queen Bee
 62337 | Zig:9    | Entered Level 9 of a ziggurat
 62344 | Zig:9    | Found the +7 great mace "Firestarter" {flame, immolate,
                  | rFlCloud rF++}
 62409 | Zig:9    | Identified the +5 mace of Igoitwe {venom, rF+ rCorr Dex-4
                  | SInv}
 62411 | Zig:9    | Identified the +0 arbalest of the Walnut {freeze, rPois}
 62467 | Zig:10   | Entered Level 10 of a ziggurat
 62505 | Zig:10   | Found the +8 demon blade "Leech" {evervamp, Harm Drain rN+}
 62592 | Zig:11   | Entered Level 11 of a ziggurat
 62602 | Zig:11   | Noticed a dread lich
 62606 | Zig:11   | Reached skill level 1 in Long Blades
 62613 | Zig:11   | Killed a dread lich
 62614 | Zig:11   | Reached skill level 5 in Long Blades
 62625 | Zig:12   | Entered Level 12 of a ziggurat
 62717 | Zig:12   | Identified the ring of Gouzxasch {Fire Stlth+}
 62720 | Zig:12   | Identified the +11 morningstar "Icasojam" {flame, Drain
                  | +Blink rN+ Will+}
 62816 | Zig:13   | Entered Level 13 of a ziggurat
 62856 | Zig:13   | Reached skill level 10 in Long Blades
 62897 | Zig:13   | Found the +3 salamander hide armour {Flames, rFlCloud rF++
                  | rC--}
 62911 | Zig:13   | Identified the ring of the Four Hosts {rC- MP+9 Str+3
                  | Stlth+}
 62917 | Zig:13   | Identified the +12 scimitar "Josiukaloa" {venom, rN+
                  | Stlth+}
 62925 | Zig:14   | Entered Level 14 of a ziggurat
 62971 | Zig:14   | Identified the +7 scale mail "Gamutot" {Str+4 Int+4}
 62979 | Zig:14   | Got the Octavo of Postmortem Forms
 62983 | Zig:14   | Identified the +6 whip of Edaph {freeze, rC+}
 62990 | Zig:15   | Entered Level 15 of a ziggurat
 62992 | Zig:15   | Noticed a juggernaut
 63001 | Zig:15   | Killed a juggernaut
 63024 | Zig:15   | Noticed a juggernaut
 63024 | Zig:15   | Noticed a juggernaut
 63026 | Zig:15   | Noticed a juggernaut
 63032 | Zig:15   | Killed a juggernaut
 63032 | Zig:15   | Killed a juggernaut
 63034 | Zig:15   | Killed a juggernaut
 63207 | Zig:15   | Identified the +3 dagger of Nele {flame, rPois rC- rN+}
 63227 | Zig:16   | Entered Level 16 of a ziggurat
 63470 | Zig:16   | Found the +2 hood of the Assassin {Detect Stab+ Stlth++}
 63471 | Zig:16   | Found the +5 demon whip "Spellbinder" {antimagic, disrupt,
                  | Will+}
 63491 | Zig:16   | Identified the ring "Sorch" {rPois Will- AC+4 Int+3}
 63496 | Zig:16   | Identified the orb of Dishonesty {*Rage, Will+}
 63500 | Zig:16   | Identified the amulet "Savub" {Acrobat Rampage rF+}
 63504 | Zig:17   | Entered Level 17 of a ziggurat
 63525 | Zig:17   | Gained mutation: You occasionally lose the ability to drink
                  | potions when taking damage. [a shining eye]
 63614 | Zig:17   | Lost mutation: You occasionally lose the ability to drink
                  | potions when taking damage. [potion of mutation]
 63614 | Zig:17   | Lost mutation: Your magical capacity is low. (-10% MP)
                  | [potion of mutation]
 63847 | Zig:17   | Gained mutation: You are frail. (-10% HP) [a neqoxec]
 63850 | Zig:17   | Found the +3 pair of seven-league boots {Rampage+∞}
 63850 | Zig:17   | Found the +4 consecrated labrys {holy, Valiant Fragile Fly
                  | SInv}
 63920 | Depths:4 | Lost mutation: Your body sometimes deteriorates upon taking
                  | damage. [potion of mutation]
 63920 | Depths:4 | Lost mutation: You are frail. (-10% HP) [potion of
                  | mutation]
 63920 | Depths:4 | Gained mutation: You are weak. (Str -2) [potion of
                  | mutation]
 63920 | Depths:4 | Gained mutation: You occasionally lose the ability to drink
                  | potions when taking damage. [potion of mutation]
 63920 | Depths:4 | Gained mutation: You are somewhat resistant to further
                  | mutation. [potion of mutation]
 63921 | Depths:4 | Lost mutation: You are somewhat resistant to further
                  | mutation. [potion of mutation]
 63921 | Depths:4 | Lost mutation: You are covered in fur. (AC +1) [potion of
                  | mutation]
 63921 | Depths:4 | Gained mutation: You are agile. (Dex +4, Str/Int -1)
                  | [potion of mutation]
 63922 | Depths:4 | Lost mutation: You occasionally lose the ability to drink
                  | potions when taking damage. [potion of mutation]
 63922 | Depths:4 | Lost mutation: You are highly strong-willed. (Will++)
                  | [potion of mutation]
 63922 | Depths:4 | Gained mutation: You are frail. (-10% HP) [potion of
                  | mutation]
 63922 | Depths:4 | Gained mutation: Your magical capacity is low. (-10% MP)
                  | [potion of mutation]
 63922 | Depths:4 | Lost mutation: You are frail. (-10% HP) [potion of
                  | mutation]
 63922 | Depths:4 | Gained mutation: Your spells are a little harder to cast,
                  | but a little more powerful. [potion of mutation]
 64005 | Depths:3 | Voluntarily entered the Abyss.
 64179 | Abyss:1  | Lost mutation: You are strong-willed. (Will+) [a neqoxec]
 64210 | Abyss:1  | Found a corrupted altar of Lugonu.
 64217 | Abyss:1  | Found a corrupted altar of Lugonu.
 64223 | Abyss:1  | Found a corrupted altar of Lugonu.
 64458 | Abyss:1  | Found a corrupted altar of Lugonu.
 64928 | Abyss:4  | Found a corrupted altar of Lugonu.
 64984 | Abyss:4  | Found a corrupted altar of Lugonu.
 65014 | Abyss:4  | Found a corrupted altar of Lugonu.
 65069 | Abyss:4  | Found a corrupted altar of Lugonu.
 65079 | Abyss:4  | Got an abyssal rune of Zot
 65090 | Depths:3 | Escaped the Abyss
 65269 | Pan      | Entered Pandemonium
 65283 | Pan      | Entered the realm of Gloorx Vloq.
 65784 | Pan      | Noticed Gloorx Vloq
 65795 | Pan      | Killed Gloorx Vloq
 65928 | Pan      | Got a dark rune of Zot
 66029 | Pan      | Found an exit through the horrors of the Abyss.
 66072 | Pan      | Noticed Dugomoew the pandemonium lord
 66084 | Pan      | Killed Dugomoew the pandemonium lord
 66203 | Pan      | Found an exit through the horrors of the Abyss.
 66364 | Pan      | Noticed Paarem the pandemonium lord
 66385 | Pan      | Killed Paarem the pandemonium lord
 66410 | Pan      | Entered the realm of Lom Lobon.
 66762 | Pan      | Noticed Lom Lobon
 66776 | Pan      | Killed Lom Lobon
 66825 | Pan      | Got a magical rune of Zot
 67101 | Pan      | Noticed Hiduklat the pandemonium lord
 67118 | Pan      | Killed Hiduklat the pandemonium lord
 67439 | Pan      | Entered the realm of Mnoleg.
 67442 | Pan      | Noticed Mnoleg
 67460 | Pan      | Killed Mnoleg
 67565 | Pan      | Got a glowing rune of Zot
 68013 | Pan      | Upgraded the game from 0.31-a0-75-g6fe912e8c5 to
                  | 0.31-a0-83-gbff143cfd1
 68193 | Pan      | Noticed Nehebu the pandemonium lord
 68203 | Pan      | Killed Nehebu the pandemonium lord
 68378 | Pan      | Got a demonic rune of Zot
 69158 | Pan      | Entered the realm of Cerebov.
 69216 | Pan      | Found the +6 sword of Cerebov {flame}
 69216 | Pan      | Noticed Cerebov
 69354 | Pan      | Got the Discourse on Massed Accelerants
 69355 | Pan      | Identified the ring of Suumn {EV+5 Slay+2 SInv}
 69453 | Pan      | Identified the staff of death "Sucyetru" {rN+ Str+4 Int+5}
 69456 | Pan      | Identified the ring "Xuesobbe" {MP+9 Str+5}
 70001 | Pan      | Noticed Mennas
 70031 | Pan      | Killed Mennas
 71050 | Pan      | Found an exit through the horrors of the Abyss.
 71127 | Pan      | Reached skill level 15 in Invocations
 71316 | Pan      | Got a fiery rune of Zot
 71422 | Pan      | Took an exit into the Abyss.
 71422 | Abyss:4  | Escaped into the Abyss
 71505 | Abyss:4  | Found a corrupted altar of Lugonu.
 71537 | Abyss:4  | Found a corrupted altar of Lugonu.
 71636 | Abyss:4  | Found a corrupted altar of Lugonu.
 71789 | Depths:2 | Escaped the Abyss
 71868 | Hell     | Entered the Vestibule of Hell
 71868 | Hell     | Noticed Geryon
 71885 | Hell     | Killed Geryon
 71994 | Hell     | Found a gateway to the Iron City of Dis.
 72222 | Hell     | Found a gateway to the ashen valley of Gehenna.
 72240 | Geh:1    | Entered Level 1 of Gehenna
 72656 | Geh:5    | Reached skill level 15 in Spellcasting
 72791 | Geh:7    | Entered Level 7 of Gehenna
 72919 | Geh:7    | Reached skill level 15 in Fighting
 73125 | Geh:7    | Identified the +0 ring mail "Lymurgh" {rPois rC+ Int-2
                  | Dex+2}
 73188 | Geh:7    | Got Karuq's Precepts of the Shapeshifter and Zombies
 73391 | Geh:7    | Identified the +3 robe "Cadu" {Fly rN+ Str+3 Dex+3}
 73413 | Geh:7    | Found the +13 sceptre of Asmodeus
 73413 | Geh:7    | Noticed Asmodeus
 73642 | Geh:7    | Killed Asmodeus
 73652 | Geh:7    | Got an obsidian rune of Zot
 73805 | Dis:1    | Entered Level 1 of the Iron City of Dis
 74096 | Hell     | Found a gateway to the freezing wastes of Cocytus.
 74974 | Snake:4  | Bought a transparent chain mail for 351 gold pieces
 74974 | Snake:4  | Identified the +2 chain mail of Magic {Slay+5} (You bought
                  | it in a shop on level 4 of the Snake Pit)
 75288 | Hell     | Found a gateway to the decaying netherworld of Tartarus.
 76198 | Dis:2    | Found a burning altar of Makhleb.
 76198 | Dis:2    | Noticed a dread lich
 76219 | Dis:2    | Killed a dread lich
 77178 | Dis:3    | You fall into a shaft and drop 2 floors!
 77267 | Dis:5    | Reached skill level 27 in Polearms
 77454 | Coc:1    | Entered Level 1 of Cocytus
 78005 | Coc:5    | Noticed an ancient lich
 78320 | Coc:5    | Killed an ancient lich
 78606 | Coc:7    | Entered Level 7 of Cocytus
 78950 | Coc:7    | Paralysed by a wendigo for 1 turns
 78965 | Coc:7    | Paralysed by a wendigo for 1 turns
 79459 | Coc:7    | Paralysed by a wendigo for 1 turns
 79469 | Coc:7    | Paralysed by a wendigo for 1 turns
 79603 | Coc:7    | Paralysed by a wendigo for 1 turns
 79809 | Coc:7    | Identified the +3 battleaxe of Ditug {flame, rElec rC-
                  | MP+9}
 79809 | Coc:7    | Noticed Antaeus
 79838 | Coc:7    | Killed Antaeus
 79976 | Coc:7    | Got an icy rune of Zot
 79977 | Coc:7    | Identified the +0 scale mail of Greed {Rampage Drain rF++
                  | Regen+}
 79995 | Coc:7    | Identified the +9 great mace of the Dwarven Hall {spect,
                  | Dex+3}
 80213 | Tar:1    | Entered Level 1 of Tartarus
 85500 | Zot:5    | Lost mutation: Your spells are a little harder to cast, but
                  | a little more powerful. [an orb of fire]
 85501 | Zot:5    | Gained mutation: You have hidden genetic defects. [an orb
                  | of fire]
 85503 | Zot:5    | Killed an orb of fire
 85504 | Zot:5    | Lost mutation: You are weak. (Str -2) [potion of mutation]
 85504 | Zot:5    | Lost mutation: You are agile. (Dex +4, Str/Int -1) [potion
                  | of mutation]
 85504 | Zot:5    | Lost mutation: Your magical capacity is low. (-10% MP)
                  | [potion of mutation]
 85504 | Zot:5    | Gained mutation: You passively dampen the noise of your
                  | surroundings. [potion of mutation]
 85505 | Zot:5    | Lost mutation: You have hidden genetic defects. [potion of
                  | mutation]
 85505 | Zot:5    | Lost mutation: You passively dampen the noise of your
                  | surroundings. [potion of mutation]
 85505 | Zot:5    | Gained mutation: You have hidden genetic potential. [potion
                  | of mutation]
 85505 | Zot:5    | Gained mutation: You expend magic power (3 MP) to
                  | strengthen your wands. [potion of mutation]
 85505 | Zot:5    | Gained mutation: You have a pair of small antennae on your
                  | head. [potion of mutation]
 85505 | Zot:5    | Gained mutation: You have sharp fingernails. [potion of
                  | mutation]
 85506 | Zot:5    | Lost mutation: You have hidden genetic potential. [potion
                  | of mutation]
 85506 | Zot:5    | Lost mutation: You expend magic power (3 MP) to strengthen
                  | your wands. [potion of mutation]
 85506 | Zot:5    | Gained mutation: You have a pair of antennae on your head.
                  | [potion of mutation]
 85506 | Zot:5    | Gained mutation: You are dopey. (Int -2) [potion of
                  | mutation]
 85506 | Zot:5    | Gained mutation: You are covered in fur. (AC +1) [potion of
                  | mutation]
 85517 | Zot:5    | Lost mutation: You have sharp fingernails. [potion of
                  | mutation]
 85517 | Zot:5    | Lost mutation: You have a pair of antennae on your head.
                  | [potion of mutation]
 85517 | Zot:5    | Lost mutation: You are dopey. (Int -2) [potion of mutation]
 85517 | Zot:5    | Gained mutation: You are strong-willed. (Will+) [potion of
                  | mutation]
 85517 | Zot:5    | Gained mutation: You are partially covered in iridescent
                  | scales. (AC +2) [potion of mutation]
 85517 | Zot:5    | Gained mutation: Your magical capacity is low. (-10% MP)
                  | [potion of mutation]
 85517 | Zot:5    | Gained mutation: You are partially covered in large bone
                  | plates. (SH +4) [potion of mutation]
 85671 | Zot:5    | Noticed an orb of fire
 85681 | Zot:5    | Noticed an orb of fire
 85682 | Zot:5    | Killed an orb of fire
 85682 | Zot:5    | Noticed a dread lich
 85690 | Zot:5    | Killed a dread lich
 85700 | Zot:5    | Killed an orb of fire
 85709 | Zot:5    | Noticed an orb of fire
 85723 | Zot:5    | Killed an orb of fire
 85728 | Zot:5    | Noticed an orb of fire
 85737 | Zot:5    | Killed an orb of fire
 85737 | Zot:5    | Noticed an orb of fire
 85747 | Zot:5    | Killed an orb of fire
 85847 | Zot:5    | Noticed an ancient lich
 85851 | Zot:5    | Killed an ancient lich
 86480 | Tomb:1   | Entered Level 1 of the Tomb of the Ancients
 86793 | Tomb:1   | Noticed a royal mummy
 86801 | Tomb:1   | Killed a royal mummy
 87038 | Tomb:1   | Noticed a royal mummy
 87045 | Tomb:1   | Killed a royal mummy
 87219 | Tomb:2   | Noticed a royal mummy
 87233 | Tomb:2   | Noticed a royal mummy
 87241 | Tomb:2   | Killed a royal mummy
 87243 | Tomb:2   | Killed a royal mummy
 87246 | Tomb:2   | Noticed a royal mummy
 87261 | Tomb:2   | Killed a royal mummy
 87318 | Tomb:2   | Noticed a royal mummy
 87325 | Tomb:2   | Killed a royal mummy
 87593 | Tomb:2   | Identified the +7 dagger of Cusethew {spect, rPois Str+2
                  | Int+2 Stlth+}
 87665 | Tomb:1   | Noticed a royal mummy
 87666 | Tomb:1   | Noticed a royal mummy
 87673 | Tomb:1   | Killed a royal mummy
 87680 | Tomb:1   | Killed a royal mummy
 87682 | Tomb:1   | Noticed a royal mummy
 87683 | Tomb:1   | Noticed a royal mummy
 87684 | Tomb:1   | Noticed a royal mummy
 87698 | Tomb:1   | Killed a royal mummy
 87707 | Tomb:1   | Killed a royal mummy
 87709 | Tomb:1   | Noticed a royal mummy
 87712 | Tomb:1   | Killed a royal mummy
 87713 | Tomb:1   | Reached skill level 27 in Fighting
 87717 | Tomb:1   | Killed a royal mummy
 87717 | Tomb:1   | Noticed a royal mummy
 87722 | Tomb:1   | Killed a royal mummy
 87730 | Tomb:1   | Noticed a royal mummy
 87736 | Tomb:1   | Killed a royal mummy
 87771 | Tomb:1   | Noticed a royal mummy
 87782 | Tomb:1   | Killed a royal mummy
 87877 | Tomb:1   | Noticed a royal mummy
 87886 | Tomb:1   | Killed a royal mummy
 87888 | Tomb:1   | Noticed a royal mummy
 87894 | Tomb:1   | Killed a royal mummy
 88047 | Tomb:1   | Noticed a royal mummy
 88056 | Tomb:1   | Killed a royal mummy
 88067 | Tomb:1   | Noticed a royal mummy
 88074 | Tomb:1   | Killed a royal mummy
 88111 | Tomb:1   | Noticed a royal mummy
 88114 | Tomb:1   | Noticed a royal mummy
 88118 | Tomb:1   | Noticed a royal mummy
 88122 | Tomb:1   | Killed a royal mummy
 88130 | Tomb:1   | Killed a royal mummy
 88142 | Tomb:1   | Killed a royal mummy
 88169 | Tomb:1   | Noticed a royal mummy
 88174 | Tomb:1   | Killed a royal mummy
 88227 | Tomb:1   | Noticed a royal mummy
 88228 | Tomb:1   | Noticed a royal mummy
 88236 | Tomb:1   | Killed a royal mummy
 88242 | Tomb:1   | Killed a royal mummy
 89775 | Dis:7    | Entered Level 7 of the Iron City of Dis
 90185 | Dis:7    | Noticed a juggernaut
 90194 | Dis:7    | Killed a juggernaut
 90405 | Dis:7    | Noticed Dispater
 90408 | Dis:7    | Found the +8 lance "Wyrmbane" {slay drac, rPois rF+ rC+
                  | AC+3}
 90410 | Dis:7    | Identified the +4 war axe "Oshrionadd" {heavy, Int+4
                  | Stlth+}
 90414 | Dis:7    | Got an iron rune of Zot
 90416 | Dis:7    | Noticed a juggernaut
 90428 | Dis:7    | Killed a juggernaut
 90835 | Tar:7    | Entered Level 7 of Tartarus
 91257 | Tar:7    | Noticed the Serpent of Hell
 91275 | Tar:7    | Killed the Serpent of Hell
 91423 | Tar:7    | Noticed Ereshkigal
 91435 | Tar:7    | Killed Ereshkigal
 91456 | Tar:7    | Got a bone rune of Zot
 92251 | Tomb:3   | Entered Level 3 of the Tomb of the Ancients
 92264 | Tomb:3   | Noticed a royal mummy
 92270 | Tomb:3   | Noticed a royal mummy
 92273 | Tomb:3   | Killed a royal mummy
 92280 | Tomb:3   | Killed a royal mummy
 92349 | Tomb:3   | Noticed a royal mummy
 92356 | Tomb:3   | Noticed a royal mummy
 92358 | Tomb:3   | Noticed a royal mummy
 92363 | Tomb:3   | Killed a royal mummy
 92367 | Tomb:3   | Killed a royal mummy
 92373 | Tomb:3   | Killed a royal mummy
 92416 | Tomb:3   | Got a golden rune of Zot
 92484 | Tomb:3   | Noticed a royal mummy
 92490 | Tomb:3   | Killed a royal mummy
 92570 | Tomb:3   | Noticed a royal mummy
 92570 | Tomb:3   | Noticed a royal mummy
 92574 | Tomb:3   | Killed a royal mummy
 92581 | Tomb:3   | Noticed a royal mummy
 92583 | Tomb:3   | Killed a royal mummy
 92587 | Tomb:3   | Killed a royal mummy
 92682 | Tomb:3   | Found the amulet of Elemental Vulnerability {rPois rF--
                  | rC-- AC+8}
 93315 | Zot:5    | Got the Orb of Zot
 93486 | Depths:2 | Noticed a seraph
 93495 | Depths:2 | Killed a seraph
 93623 | D:13     | Noticed Boris
 93626 | D:13     | Killed Boris
 93749 | D:9      | Noticed Teoryibu the pandemonium lord
 93757 | D:9      | Killed Teoryibu the pandemonium lord
 93920 | D:1      | Noticed a seraph
 93926 | D:1      | Killed a seraph
 93962 | D:$      | Escaped with the Orb!

Illustrated notes

Levels and vault maps discovered:
D:1:      sevenhm_arrival_forest_fort_small_5, layout_basic
D:2:      wad_woods_pond, layout_basic, roderic_lattice_a
D:3:      layout_loops_corners, hangedman_decor_slide_cut, hex_medium
D:4:      layout_loops_ring, jmf_multi_god_temple, lemuel_doored_altar,
          grunt_gozag_statues, gammafunk_temple_overflow_statue,
          nicolae_wormholes
D:5:      layout_basic, grunt_temple_overflow_forces_of_nature, zin_angel,
          uniq_blork_the_orc, uniq_ijyb
D:6:      layout_loops_ring, pdpol_wu_jian_five_deadly_venoms,
          minmay_temple_entry_overgrown, gup_sewer_entry_pipe,
          wad_rectangle_vault, uniq_crazy_yiuf_cottage
D:7:      layout_cave_pools, minmay_ruffians
D:8:      layout_gridville, nicolae_dithmenos_the_darkroom,
          mainiacjoe_overflow_concentric_impassable, uniq_grum
D:9:      layout_loops_ring, mainiacjoe_overflow_tiny_flanked,
          minmay_orc_entry_temple_small
D:10:     layout_roguey, nicolae_elyvilon_temple_path,
          nemelex_diamond_rough_becter, dpeg_oklobed_lair, uniq_maurice
D:11:     cheibrodos_tormentor_scu, layout_gridville, gauntlet_entry_generic
D:12:     layout_basic
D:13:     layout_basic, david_vaults_1, nicolae_sif_muna_condensation
D:14:     layout_basic, ebering_ghost_gozag, kennysheep_path_1
D:15:     gammafunk_enter_depths_forms, layout_cave_pods,
          chequers_serial_rivers_micro_a
Lair:1:   layout_cave_shapes, gammafunk_ghost_grave, grunt_megastairs_2
Lair:2:   layout_hall_layers, guppyfry_snake_entry_island,
          gammafunk_ghost_necromancy, grunt_megastairs_5
Lair:3:   layout_hall_layers, skrybe_swamp_entry_bodies
Lair:4:   layout_cave_shapes, slime_entry_1
Lair:5:   grunt_lair_end_beastmaster, layout_gridlike,
          chequers_serial_rivers_micro_a, lookout_lair_type, minivault_11,
          grunt_megastairs_3
Swamp:1:  layout_falls_marsh, evilmike_swamp_ruin_rubble_1
Swamp:2:  layout_basic_swamp, evilmike_swamp_ruin_house_1, swamp_pool2,
          nicolae_swamp_thats_no_hydra, infiniplex_staircase_pool, uniq_aizul
Swamp:3:  layout_basic_swamp, gammafunk_ghost_mausoleum,
          nicolae_swamp_little_swirl, swamp_pool1
Swamp:4:  swamp_old_school, layout_basic_swamp,
          gammafunk_ghost_wrathful_warriors, uniq_bai_suzhen
Snake:1:  layout_chambers, nicolae_triple_integral, serial_bayou_shore_b,
          lemuel_fruit_tree
Snake:2:  layout_onion, serial_shops, shop, nicolae_snake_horde_hoard,
          nicolae_integral_box, uniq_louise
Snake:3:  layout_honeycomb, uniq_vashnia
Snake:4:  snake_pit, layout_basic, serial_shops,
          nicolae_shop_tiny_real_fake_doors, nicolae_shop_peninsula, shop,
          serial_bayou_shore_a, minmay_shoptagon
Slime:1:  cheibrodos_slime_lost_civilization_10, layout_caves
Slime:2:  layout_caves
Slime:3:  layout_caves
Slime:4:  layout_caves
Slime:5
Orc:1:    layout_caves, enter_volcano_2
Orc:2:    st_orc_pillars, layout_caves, maelrawn_ghost_gauntlet_escape
Elf:1:    minmay_elf_arrival_plus, layout_loops_corners,
          minmay_elf_annihilation, patterned_corridor
Elf:2:    elven_hall_of_blades_hangedman_original [nicolae_blade_little_rooms],
          layout_loops_ring, serial_shops, nicolae_square_shop
Elf:3:    elf_hall, layout_geoelf_diagonals, serial_shops,
          nicolae_shop_bloodbath_and_beyond, minmay_shop_star, uniq_asterion
Vaults:1: v_alt_pattern_5, nicolae_vaults_arrows, serial_ice_h,
          ontoclasm_vaults_fault, nicolae_vaults_double_plus_2,
          vaults_standard_mumra_enter_the_diamond, nicolae_vaults_tetromino_Z_1,
          ontoclasm_vaults_bender, vaults_dpeg_cross, vaults_room_grid,
          vaults_room_hallway, nicolae_vaults_house_2, layout_vaults_omnicross
Vaults:2: vaults_mumra_minichess_inversion, v_misc_28, v_misc_12, v_pattern_4,
          st_spiral_rooms, nicolae_vaults_network_periphery,
          nicolae_vaults_yaktaur_gun_rack, v_misc_24,
          nicolae_vaults_tetromino_Z_2, vaults_dpeg_hooks,
          layout_vaults_big_room, serial_shops, shop
Vaults:3: nicolae_vaults_border_crossing, st_diamondy, blue_anna_dwarven_crypt,
          nicolae_vaults_turnstiles, vaults_room_grunt_arrival_ludios, v_misc_1,
          vaults_room_ringed_pool, v_misc_22, nicolae_vaults_more_shelving_2,
          vaults_room_door_hall, nicolae_vaults_big_angled_halls,
          vaults_room_door_ring, v_alt_pattern_4, hangedman_vaults_impose,
          nicolae_vaults_tetromino_T_1, layout_vaults_maze_bifur,
          uniq_saint_roka
Vaults:4: v_misc_23, vaults_room_door_hall, nicolae_vaults_mini_display_case,
          nicolae_vaults_frosty_reception, vaults_mumra_hex,
          hangedman_vaults_restitches, nicolae_vaults_tetromino_Z_1, v_misc_28,
          nicolae_vaults_offset_grid_hallway_2, vaults_mumra_lcd,
          nicolae_vaults_rhombus_6, v_alt_pattern_3, layout_vaults_omnibox,
          serial_shops, shop, nicolae_shop_tiny_glass, shop
Vaults:5: uniq_boris
Crypt:1:  layout_regular_city
Crypt:2:  layout_misc_corridors, roderic_lattice_octagonal_star
Crypt:3:  lightli_unholy_cathedral, layout_chaotic_city,
          tomb_entry_shell_bobbens, eino_tiny_chamber, grunt_megastairs_4
Tomb:1
Tomb:2
Tomb:3
Depths:1: layout_cross, hell_entry, serial_rivers,
          chequers_serial_rivers_small_a, chequers_serial_rivers_micro_a,
          chequers_serial_rivers_micro_b, chequers_serial_rivers_large_b,
          chequers_serial_rivers_marsh, grunt_pan_entry_spiral,
          nicolae_concentric_dashed_squares_mild, grunt_ministairs_2,
          minmay_st_funbox, hangedman_decor_clover_reticule, nzn_random_ring,
          uniq_nikola
Depths:2: regret_index_dithmenos_brocken_genspenst, layout_cave_shapes,
          grunt_hell_entry_dis_old, rand_demon_pan_entry_1,
          minmay_misc_feat_more_columns
Depths:3: evilmike_cross, layout_gridlike, abyss_entry, hell_entry,
          enter_trove_0, st_stairs_2, nicolae_eternal_life,
          infiniplex_staircase_split_hallway, uniq_jory
Depths:4: evilmike_zot_entry_basic, layout_gridlike, enter_ziggurat_b,
          okawaru_trees_2, hangedman_geh_valley, drop_trap, st_stairs_7,
          kennysheep_random_hallway
Hell
Dis:1:    layout_gridville, nicolae_dis_spooky_hallway
Dis:2:    kennysheep_iron_temple, layout_subdivisions
Dis:3:    layout_gridville, nicolae_dis_step_into_the_octagon
Dis:4:    layout_regular_city
Dis:5:    layout_gridville, nicolae_dis_big_boring_drill
Dis:6:    layout_overlapping_boxes
Dis:7:    dis_grunt_layers
Geh:1:    layout_gehenna_pools_box
Geh:2:    layout_gehenna_pools_basic
Geh:3:    layout_gehenna_lava_caves, nicolae_geh_lavax
Geh:4:    layout_gehenna_pools_box
Geh:5:    nicolae_geh_lava_swirls, layout_gehenna_pools_triple
Geh:6:    layout_gehenna_pools_triple
Geh:7:    geh_grunt
Coc:1:    layout_cocytus_water_paths
Coc:2:    layout_ice_bergs
Coc:3:    layout_ice_bergs
Coc:4:    layout_cocytus_water_paths
Coc:5:    layout_ice_bergs
Coc:6:    layout_ice_bergs
Coc:7:    coc_grunt_cove [coc_grunt_cove_antaeus, coc_grunt_cove_fiend,
          coc_grunt_cove_fiend, coc_grunt_cove_fiend, coc_grunt_cove_fiend]
Tar:1:    layout_honeycomb, nicolae_tar_stay_or_leave
Tar:2:    layout_cathedral_of_symmetry
Tar:3:    layout_catacombs
Tar:4:    layout_grid_maze, nicolae_tar_cuneiform_bird
Tar:5:    layout_honeycomb
Tar:6:    layout_grid_maze, nicolae_tar_four_comb_rooms
Tar:7:    tar_minmay_river
Zot:1:    minmay_elemental_castle, layout_basic
Zot:2:    gammafunk_mikee_crab_dinner, layout_onion_interference,
          grunt_megastairs_1
Zot:3:    kennysheep_blocky_room, layout_twisted_circle,
          hangedman_zot_decor_scrapings
Zot:4:    layout_cellular_growth, uniq_tiamat
Zot:5:    layout_basic, hangedman_zot_decor_tridents

Skill      XL: |  1  2  3  4  5  6  7  8  9 10 11 12 13 14 15 16 17 18 19 20 21 22 23 24 25 26 27 |
---------------+----------------------------------------------------------------------------------+-----
Polearms       | 4 5 6 8 9 11 12 13 16 19 20 22 24 27 | 27.0
Shields        | 5 |  5.5
Ice Magic      | 1 4 6 |  6.4
Invocations    | 5 11 12 13 16 | 16.0
Dodging        | 5 9 10 15 22 | 22.9
Fighting       | 8 12 13 14 27 | 27.0
Armour         | 5 10 12 14 17 23 | 23.0
Translocations | 2 4 6 |  6.4
Evocations     | 8 10 11 14 15 | 15.6
Air Magic      | 7 |  7.1
Conjurations   | 2 |  2.8
Spellcasting   | 5 15 | 15.5
Necromancy     | 2 8 11 23 | 23.1
Transmutations | 2 8 11 23 | 23.2
Stealth        | 12 13 | 13.6
Long Blades    | 10 | 10.7

Action                     |  1- 3 |  4- 6 |  7- 9 | 10-12 | 13-15 | 16-18 | 19-21 | 22-24 | 25-27 || total
---------------------------+-------+-------+-------+-------+-------+-------+-------+-------+-------++-------
  Melee: Spear             |    77 |    93 |   575 |   803 |  1150 |   125 |       |       |       ||  2823
         Constrict         |       |       |       |       |   189 |   189 |   157 |   233 |  1161 ||  1929
         Trident           |       |       |       |       |    46 |    89 |       |       |       ||   135
         Demon trident     |       |       |       |       |       |   690 |       |       |       ||   690
         Glaive            |       |       |       |       |       |   194 |   819 |   819 |   198 ||  2030
         Halberd           |       |       |       |       |       |    24 |     6 |       |       ||    30
         Bardiche          |       |       |       |       |       |       |       |   802 |  7421 ||  8223
         Staff             |       |       |       |       |       |       |       |       |     4 ||     4
         Punch             |       |       |       |       |       |       |       |       |     1 ||     1
  Throw: Dart              |       |       |     2 |    10 |       |     7 |       |       |       ||    19
         Throwing net      |       |       |       |       |       |       |       |       |     2 ||     2
   Cast: Frozen Ramparts   |       |       |       |    21 |    41 |    27 |    15 |    12 |     9 ||   125
         Ozocubu's Armour  |       |       |       |     1 |     1 |       |       |       |       ||     2
         Lesser Beckoning  |       |       |       |       |     7 |    46 |    24 |    33 |   358 ||   468
         Blink             |       |       |       |       |       |       |     1 |       |    24 ||    25
         Necromutation     |       |       |       |       |       |       |       |       |   155 ||   155
         Wereblood         |       |       |       |       |       |       |       |       |    58 ||    58
         Passage of Golubr |       |       |       |       |       |       |       |       |    10 ||    10
 Invoke: Slouch            |       |       |       |     2 |    13 |    13 |     7 |     9 |    71 ||   115
         Temporal Distorti |       |       |       |     2 |     6 |     5 |     1 |     8 |    31 ||    53
         Bend Time         |       |       |       |     2 |     1 |     4 |     1 |     2 |    22 ||    32
         Step From Time    |       |       |       |       |       |     5 |       |       |    20 ||    25
Ability: Spit Poison       |    26 |    18 |    16 |    22 |     1 |       |       |       |     5 ||    88
         Evoke Invisibilit |       |       |       |       |       |       |       |       |    11 ||    11
         End Transformatio |       |       |       |       |       |       |       |       |     4 ||     4
  Evoke: Wand              |       |     3 |     2 |     4 |     4 |     1 |       |       |    95 ||   109
         Condenser vane    |       |       |       |       |     2 |     1 |     3 |     2 |    11 ||    19
         Phial of floods   |       |       |       |       |     1 |     1 |       |       |       ||     2
         Lightning rod     |       |       |       |       |     5 |     5 |     3 |       |       ||    13
    Use: Scroll            |     2 |     2 |     7 |    12 |     7 |     8 |     2 |    12 |    70 ||   122
         Potion            |       |       |     5 |     1 |     1 |     5 |     1 |     1 |    55 ||    69
   Stab: Invisible         |       |       |     3 |       |       |     5 |       |       |    92 ||   100
         Sleeping          |       |       |     1 |     1 |     2 |     1 |       |     1 |    21 ||    27
         Distracted        |       |       |       |     1 |     1 |     2 |       |       |    56 ||    60
         Paralysed         |       |       |       |     6 |       |       |       |       |     2 ||     8
         Petrified         |       |       |       |     4 |       |       |       |       |       ||     4
         Confused          |       |       |       |       |     1 |       |       |       |     1 ||     2
         Held in net/web   |       |       |       |       |       |       |       |       |     7 ||     7
 Armour: Robe              |     1 |       |       |       |       |       |       |       |       ||     1
         Ring mail         |    12 |    27 |    83 |       |       |       |       |       |       ||   122
         Leather armour    |       |       |    34 |    31 |       |       |       |       |       ||    65
         Scale mail        |       |       |       |    41 |   118 |   149 |       |       |       ||   308
         Fire dragon scale |       |       |       |       |     1 |       |       |       |       ||     1
         Plate armour      |       |       |       |       |       |   138 |   352 |   596 |  2223 ||  3309
         Chain mail        |       |       |       |       |       |       |       |       |   458 ||   458
         Quicksilver drago |       |       |       |       |       |       |       |       |   414 ||   414
  Dodge: Dodged            |    25 |    19 |   145 |   173 |   394 |   632 |   503 |   913 |  8845 || 11649
  Block: Kite shield       |       |       |   113 |   266 |   415 |   395 |       |       |       ||  1189
         Other             |       |       |       |       |       |       |       |       |   292 ||   292

Table legend: (Time is in decaauts)
 A = Elapsed time spent in this place.
 B = Non-inter-level travel time spent in this place.
 C = Inter-level travel time spent in this place.
 D = Time resting spent in this place.
 E = Time spent auto-exploring this place.
 F = Levels seen in this place.
 G = Mean time per level.
                   A        B        C        D        E       F      G
               +--------+--------+--------+--------+--------+-----+--------+
         Total | 186573 | 145603 |  40970 |  10924 |  90156 | 126 | 1480.7 |
       Dungeon |  38923 |  27644 |  11279 |    934 |  22033 |  15 | 2594.9 |
          Lair |  11719 |   8643 |   3076 |    234 |   6956 |   5 | 2343.8 |
         Swamp |   8725 |   6763 |   1962 |    470 |   4574 |   4 | 2181.2 |
     Snake Pit |  10765 |   9336 |   1429 |    227 |   7611 |   4 | 2691.2 |
    Slime Pits |   1121 |   1026 |     95 |    347 |      0 |   5 |  224.2 |
  Orcish Mines |   4890 |   2802 |   2088 |    108 |   1996 |   2 | 2445.0 |
   Elven Halls |   8071 |   6512 |   1559 |     95 |   4797 |   3 | 2690.3 |
        Vaults |  18295 |  14727 |   3568 |    579 |  10315 |   5 | 3659.0 |
         Crypt |   6637 |   5417 |   1220 |    165 |   4395 |   3 | 2212.3 |
          Tomb |   6213 |   4119 |   2094 |    452 |    390 |   3 | 2071.0 |
        Depths |  15116 |  10008 |   5108 |    307 |   7936 |   4 | 3779.0 |
          Hell |   4814 |   3356 |   1458 |   1491 |   1032 |   1 | 4814.0 |
           Dis |   6971 |   4370 |   2601 |   1148 |    894 |   7 |  995.9 |
       Gehenna |   2647 |   2337 |    310 |    192 |      2 |   7 |  378.1 |
       Cocytus |   3084 |   2507 |    577 |    665 |      7 |   7 |  440.6 |
      Tartarus |   5161 |   4285 |    876 |    370 |   1944 |   7 |  737.3 |
           Zot |  13199 |  11539 |   1660 |    846 |   7345 |   5 | 2639.8 |
         Abyss |   2715 |   2715 |      0 |      2 |   1703 |   5 |  543.0 |
   Pandemonium |  11152 |  11152 |      0 |    984 |   4545 |  13 |  857.8 |
      Ziggurat |   3262 |   3262 |      0 |   1270 |      0 |  17 |  191.9 |
         Trove |    110 |    110 |      0 |      0 |      0 |   1 |  110.0 |
         Sewer |   1143 |   1143 |      0 |      0 |    838 |   1 | 1143.0 |
       Volcano |    403 |    403 |      0 |     15 |      0 |   1 |  403.0 |
      Gauntlet |   1426 |   1426 |      0 |     16 |    834 |   1 | 1426.0 |
               +--------+--------+--------+--------+--------+-----+--------+

Top non-repeatable levels by time:
    Hell: 4814 daAuts
    D:14: 4797 daAuts
    D:13: 4712 daAuts
Vaults:5: 4672 daAuts
Vaults:2: 4199 daAuts
Depths:3: 4078 daAuts
Depths:2: 4063 daAuts
  Tomb:1: 4061 daAuts
    D:15: 3956 daAuts
     D:9: 3732 daAuts
Depths:1: 3729 daAuts
   Zot:1: 3681 daAuts
   Orc:2: 3627 daAuts
Vaults:3: 3572 daAuts
    D:10: 3478 daAuts
